 Dungeon Crawl Stone Soup version 0.27.0-1-g7a089689b8 (webtiles) character file.

Game seed: 14005209650520907440

8744794 ABBCCCDDDD the Conqueror (level 27, 224/224 HPs)
             Began as an Octopode Arcane Marksman on Aug 11, 2021.
             Was the Champion of Sif Muna.
             Escaped with the Orb
             ... and 15 runes on Aug 15, 2021!
             The game lasted 15:31:58 (204990 turns).

ABBCCCDDDD the Conqueror (OpAM)                   Turns: 204990, Time: 15:31:58

Health: 224/224    AC: 19    Str: 15    XL:     27
Magic:  64/72      EV: 49    Int: 37    God:    Sif Muna [******]
Gold:   13700      SH: 39    Dex: 35    Spells: 5/80 levels left

rFire    + + +     SeeInvis +   b - +9 demon trident (elec)
rCold    + + +     Faith    .   P - +8 tower shield {rC+ rF+}
rNeg     + + +     Spirit   .   G - +0 mask of the Dragon {Will+ Slay+3 SInv}
rPois    ∞         Reflect  +   W - amulet "Ighoaff" {Reflect Int+3 Dex+3 Slay+3 SH+5}
rElec    +         Harm     .   J - ring "Cucwapeo" {rF++ Will- AC+4 Str+4 Dex+4}
rCorr    +         Rampage  .   O - ring "Kaorph" {rF+ AC+4 Slay+4}
Will     +++++                  E - ring "Eshren" {rN+ Will+ rCorr MP+9 Dex+4}
Stlth    +++.......             o - ring of Powul {rElec Will++ rCorr MP+9 Str-3}
HPRegen  0.47/turn              Y - ring "Viseqod" {Will+ EV+4 Int+4}
MPRegen  0.43/turn              k - ring of Pyromania {rPois rCorr AC+4 Str-4 Dex+2}
                                y - ring "Zaobb" {Fly Str+4 Int+6 Dex+7 Stlth-}
                                e - ring of Syufapn {rF++ rN+ Str+3 Slay+3}

@: lich-form, flying, studying 4 skills
A: draining attack, torment immunity, no potions, almost no armour, amphibious,
8 rings, camouflage 1, gelatinous body 1, (nimble swimmer 1), tentacles,
tentacle spike 2, cold resistance 1, deterioration 1, mutation resistance 1,
passive freeze, MP-powered wands
0: Orb of Zot
}: 15/15 runes: decaying, serpentine, slimy, silver, golden, iron, obsidian,
icy, bone, abyssal, demonic, glowing, magical, fiery, dark
a: End Transformation, Renounce Religion, Channel Magic, Forget Spell, Divine
Exegesis


You escaped.
You worshipped Sif Muna.
Sif Muna was exalted by your worship.
You were an undead lich.
You visited 17 branches of the dungeon, and saw 89 of its levels.
You visited Pandemonium 2 times, and saw 17 of its levels.
You visited the Abyss 1 time.
You completed 1 ziggurat, and saw 27 of its levels.
You also visited: Sewer and Ice Cave.

You collected 15472 gold pieces.
You spent 1772 gold pieces at shops.

Inventory:

Hand Weapons
 a - a +9 fustibalus of freezing
 b - a +9 demon trident of electrocution (weapon)
Missiles
 h - 1045 stones (quivered)
 p - 446 sling bullets
Armour
 G - the +0 mask of the Dragon (worn) {Will+ Slay+3 SInv}
   (You found it on level 7 of Gehenna)

   Slay:      It affects your accuracy & damage with ranged weapons and melee
   (+3).
   SInv:      It lets you see invisible.
   Will:      It increases your willpower.
 P - a +8 tower shield of resistance (worn)
Jewellery
 e - the ring of Syufapn (on tentacle) {rF++ rN+ Str+3 Slay+3}
   (You found it on level 3 of the Tomb of the Ancients)

   [ring of positive energy]

   Str:       It affects your strength (+3).
   Slay:      It affects your accuracy & damage with ranged weapons and melee
   (+3).
   rF:        It greatly protects you from fire.
   rN:        It protects you from negative energy.
 k - the ring of Pyromania (on tentacle) {rPois rCorr AC+4 Str-4 Dex+2}
   (You acquired it in Pandemonium)

   [ring of protection]

   AC:        It affects your AC (+4).
   Str:       It affects your strength (-4).
   Dex:       It affects your dexterity (+2).
   rPois:     It protects you from poison.
   rCorr:     It protects you from acid and corrosion.
 o - the ring of Powul (on tentacle) {rElec Will++ rCorr MP+9 Str-3}
   (You found it on level 14 of the Dungeon)

   [ring of magical power]

   Str:       It affects your strength (-3).
   rElec:     It insulates you from electricity.
   MP:        It affects your magic capacity (+9).
   rCorr:     It protects you from acid and corrosion.
   Will:      It greatly increases your willpower.
 y - the ring "Zaobb" (on tentacle) {Fly Str+4 Int+6 Dex+7 Stlth-}
   (You found it on level 7 of Gehenna)

   [ring of intelligence]

   Str:       It affects your strength (+4).
   Int:       It affects your intelligence (+6).
   Dex:       It affects your dexterity (+7).
   Fly:       It grants you flight.
   Stlth:     It makes you less stealthy.
 E - the ring "Eshren" (on tentacle) {rN+ Will+ rCorr MP+9 Dex+4}
   (You found it on level 5 of the Vaults)

   [ring of resist corrosion]

   Dex:       It affects your dexterity (+4).
   rN:        It protects you from negative energy.
   MP:        It affects your magic capacity (+9).
   rCorr:     It protects you from acid and corrosion.
   Will:      It increases your willpower.
 J - the ring "Cucwapeo" (left tentacle) {rF++ Will- AC+4 Str+4 Dex+4}
   (You acquired it on level 20 of a ziggurat)

   [ring of protection]

   AC:        It affects your AC (+4).
   Str:       It affects your strength (+4).
   Dex:       It affects your dexterity (+4).
   rF:        It greatly protects you from fire.
   Will:      It decreases your willpower.
 O - the ring "Kaorph" (right tentacle) {rF+ AC+4 Slay+4}
   (You found it on level 15 of a ziggurat)

   [ring of protection]

   AC:        It affects your AC (+4).
   Slay:      It affects your accuracy & damage with ranged weapons and melee
   (+4).
   rF:        It protects you from fire.
 W - the amulet "Ighoaff" (around mantle) {Reflect Int+3 Dex+3 Slay+3 SH+5}
   (You found it on level 2 of the Lair of Beasts)

   [amulet of reflection]

   It reflects blocked missile attacks.
   Int:       It affects your intelligence (+3).
   Dex:       It affects your dexterity (+3).
   Slay:      It affects your accuracy & damage with ranged weapons and melee
   (+3).
   SH:        It affects your SH (+5).
 Y - the ring "Viseqod" (on tentacle) {Will+ EV+4 Int+4}
   (You found it on level 5 of the Vaults)

   [ring of evasion]

   EV:        It affects your evasion (+4).
   Int:       It affects your intelligence (+4).
   Will:      It increases your willpower.
Wands
 t - a wand of acid (61)
 M - a wand of digging (18)
 N - a wand of mindburst (35)
 V - a wand of iceblast (74)
 X - a wand of paralysis (18)
Scrolls
 d - 5 scrolls of torment
 f - 19 scrolls of teleportation
 m - 5 scrolls of blinking
 n - 7 scrolls of silence
 s - 5 scrolls of magic mapping
 u - 12 scrolls of immolation
 v - 2 scrolls of summoning
 w - 9 scrolls of fear
 A - 12 scrolls of vulnerability
 B - 9 scrolls of enchant armour
 H - 7 scrolls of holy word
 L - 20 scrolls of fog
 S - 19 scrolls of enchant weapon
 T - 15 scrolls of identify
Potions
 c - 20 potions of mutation
 g - 8 potions of might
 j - a potion of brilliance
 l - 32 potions of curing
 q - 22 potions of heal wounds
 r - 9 potions of invisibility
 x - 3 potions of haste
 z - 4 potions of resistance
 F - 14 potions of lignification
 I - 5 potions of magic
 U - 5 potions of berserk rage
Miscellaneous
 C - 2 +1 figurines of a ziggurat
 D - a phantom mirror
 K - a box of beasts
 Q - a condenser vane
 R - a phial of floods
 Z - a lightning rod (4/4)


   Skills:
 O Level 27 Fighting
 - Level 6.2 Maces & Flails
 - Level 14.0 Polearms
 - Level 14.0 Slings
 + Level 23.3 Dodging
 - Level 16.0 Stealth
 - Level 25.0 Shields
 O Level 27 Spellcasting
 O Level 27 Conjurations
 - Level 8.0 Hexes
 - Level 17.0 Necromancy
 - Level 12.0 Translocations
 - Level 17.0 Transmutations
 O Level 27 Fire Magic
 - Level 18.0 Ice Magic
 + Level 25.2 Earth Magic
 - Level 25.0 Invocations
 - Level 9.8 Evocations


You had 5 spell levels left.
You knew the following spells:

 Your Spells              Type           Power      Damage    Failure   Level
a - Lehudib's Crystal Sp  Conj/Erth      63%        10d15     1%          8
b - Fire Storm            Conj/Fire      64%        8d16      1%          9
c - Shatter               Erth           63%        3d47*     1%          9
d - Cause Fear            Hex            41%        N/A       1%          4
e - Bolt of Magma         Conj/Fire/Erth 64%        4d25      0%          5
g - Ozocubu's Armour      Ice            100%       N/A       0%          3
h - Ozocubu's Refrigerat  Ice            55%        4d16      1%          7
i - Passage of Golubria   Tloc           N/A        N/A       1%          4
j - Fireball              Conj/Fire      64%        3d24      0%          5
k - Freezing Cloud        Conj/Ice/Air   51%        6-21      1%          5
l - Ignition              Fire           64%        3d17      1%          8
m - Necromutation         Tmut/Necr      66%        N/A       2%          8

Your spell library contained the following spells:

 Spells                   Type           Power      Damage    Failure   Level
 Animate Skeleton         Necr           100%       N/A       0%          1
 Apportation              Tloc           100%       N/A       0%          1
 Beastly Appendage        Tmut           100%       N/A       0%          1
 Corona                   Hex            92%        N/A       0%          1
 Foxfire                  Conj/Fire      100%       2x1d9     0%          1
 Freeze                   Ice            100%       1d11      0%          1
 Magic Dart               Conj           100%       1d8       0%          1
 Pain                     Necr           100%       1d9       0%          1
 Sandblast                Erth           100%       2d20      0%          1
 Shock                    Conj/Air       100%       1d9       0%          1
 Sting                    Tmut/Pois      100%       1d8       0%          1
 Blink                    Tloc           N/A        N/A       0%          2
 Ensorcelled Hibernation  Hex/Ice        100%       N/A       0%          2
 Passwall                 Tmut/Erth      97%        N/A       0%          2
 Searing Ray              Conj           100%       3d7       0%          2
 Static Discharge         Conj/Air       99%        N/A       0%          2
 Sublimation of Blood     Necr           66%        N/A       0%          2
 Wereblood                Tmut           100%       N/A       0%          2
 Conjure Flame            Conj/Fire      100%       6-21      0%          3
 Dazzling Flash           Conj/Hex       100%       N/A       0%          3
 Frozen Ramparts          Ice            100%       1d12      0%          3
 Gell's Gravitas          Tloc           47%        N/A       0%          3
 Ignite Poison            Fire/Tmut/Pois 100%       N/A       0%          3
 Inner Flame              Hex/Fire       100%       N/A       0%          3
 Lesser Beckoning         Tloc           47%        N/A       0%          3
 Stone Arrow              Conj/Erth      100%       3d13      0%          3
 Teleport Other           Tloc           95%        N/A       0%          3
 Vampiric Draining        Necr           66%        2d15      0%          3
 Animate Dead             Necr           66%        N/A       0%          4
 Dispel Undead            Necr           100%       3d31      0%          4
 Fulminant Prism          Conj/Hex       54%        3d23      0%          4
 Hailstorm                Conj/Ice       100%       3d20      0%          4
 Ice Form                 Ice/Tmut       100%       N/A       0%          4
 Iskenderun's Mystic Bla  Conj/Tloc      100%       2d19      0%          4
 Leda's Liquefaction      Hex/Erth       53%        N/A       0%          4
 Petrify                  Tmut/Erth      100%       N/A       0%          4
 Sticky Flame             Conj/Fire      100%       2d11      0%          4
 Agony                    Necr           100%       N/A       0%          5
 Blade Hands              Tmut           54%        N/A       0%          5
 Borgnjor's Vile Clutch   Necr/Erth      71%        N/A       0%          5
 Excruciating Wounds      Necr           66%        N/A       0%          5
 Irradiate                Conj/Tmut      59%        3d33      0%          5
 Iskenderun's Battlesphe  Conj           100%       2d15      0%          5
 Lee's Rapid Deconstruct  Erth           63%        3d30*     0%          5
 Summon Small Mammal      Summ           100%       N/A       1%          1
 Call Imp                 Summ           49%        N/A       1%          2
 Corpse Rot               Necr/Air       N/A        N/A       1%          2
 Poisonous Vapours        Pois/Air       98%        N/A       1%          2
 Slow                     Hex            83%        N/A       1%          2
 Call Canine Familiar     Summ           49%        N/A       1%          3
 Confusing Touch          Hex            83%        N/A       1%          3
 Mephitic Cloud           Conj/Pois/Air  86%        N/A       1%          3
 Portal Projectile        Hex/Tloc       100%       N/A       1%          3
 Spider Form              Tmut/Pois      42%        N/A       1%          3
 Summon Guardian Golem    Hex/Summ       68%        N/A       1%          3
 Swiftness                Air            49%        N/A       1%          3
 Tukima's Dance           Hex            83%        N/A       1%          3
 Summon Ice Beast         Ice/Summ       86%        N/A       1%          4
 Alistair's Intoxication  Tmut/Pois      56%        N/A       1%          5
 Lightning Bolt           Conj/Air       49%        1d70      1%          5
 Manifold Assault         Tloc           95%        N/A       1%          5
 Metabolic Englaciation   Hex/Ice        49%        N/A       1%          5
 Silence                  Hex/Air        34%        N/A       1%          5
 Summon Forest            Summ/Tloc      38%        N/A       1%          5
 Summon Mana Viper        Hex/Summ       68%        N/A       1%          5
 Yara's Violent Unravell  Hex/Tmut       48%        3d19      1%          5
 Airstrike                Air            24%        N/A       3%          4
 Olgreb's Toxic Radiance  Pois           49%        N/A       3%          4
 Summon Lightning Spire   Summ/Air       49%        N/A       3%          4
 Iron Shot                Conj/Erth      63%        9d12      0%          6
 Starburst                Conj/Fire      64%        8x6d17    0%          6
 Statue Form              Tmut/Erth      78%        N/A       0%          6
 Orb of Destruction       Conj           64%        9d18      0%          7
 Conjure Ball Lightning   Conj/Air       49%        3x3d17    1%          6
 Death Channel            Necr           66%        N/A       1%          6
 Dispersal                Tloc           47%        N/A       1%          6
 Eringya's Noxious Bog    Tmut/Pois      42%        N/A       1%          6
 Simulacrum               Ice/Necr       66%        N/A       1%          6
 Dragon Form              Tmut           54%        N/A       1%          7
 Spellforged Servitor     Conj/Summ      49%        N/A       1%          7
 Invisibility             Hex            41%        N/A       2%          6
 Borgnjor's Revivificati  Necr           66%        N/A       2%          8
 Infestation              Necr           66%        N/A       2%          8
 Haunt                    Necr/Summ      53%        N/A       10%         7
 Storm Form               Tmut/Air       42%        N/A       10%         7
 Disjunction              Tloc           47%        N/A       19%         8
 Polar Vortex             Ice            55%        N/A       24%         9
 Malign Gateway           Summ/Tloc      38%        N/A       26%         7
 Death's Door             Necr           66%        N/A       34%         9
 Shadow Creatures         Summ           N/A        N/A       50%         6
 Discord                  Hex            41%        N/A       67%         8
 Chain Lightning          Conj/Air       49%        3d66      83%         9
 Monstrous Menagerie      Summ           24%        N/A       97%         7
 Summon Hydra             Summ           24%        N/A       97%         7
 Maxwell's Capacitive Co  Air            24%        ∞         100%        8
 Summon Horrible Things   Summ           24%        N/A       100%        8
 Dragon's Call            Summ           24%        N/A       100%        9
 Animate Armour           Summ/Erth      Unusable   N/A       N/A         4

Dungeon Overview and Level Annotations

Branches:
Dungeon (15/15)            Temple (0/1) D:7            Lair (6/6) D:11
  Swamp (4/4) Lair:3        Snake (4/4) Lair:3        Slime (5/5) Lair:5
    Orc (2/2) D:12            Elf (3/3) Orc:2        Vaults (5/5) D:14
  Crypt (3/3) Vaults:2       Tomb (3/3) Crypt:3      Depths (5/5) D:15
   Hell (visited)             Dis (7/7) Hell            Geh (7/7) Hell
    Coc (7/7) Hell            Tar (7/7) Hell            Zot (5/5) Depths:5
  Sewer (visited)           IceCv (visited)

Altars:
Ashenzari
Fedhas
Hepliaklqana
Kikubaaqudgha
Makhleb
Okawaru
Qazlal
Ru
Sif Muna
Wu Jian
Xom
Zin
Beogh
Jiyva
Lugonu

Shops:
D:6 :   Orc:2 *:*(   Elf:1 !   Elf:3 *   Depths:3 :=:

Portals:
Hell: Depths:1 Depths:2 Depths:3 Depths:4 Depths:5
Abyss: Depths:2 Depths:4 Depths:5
Pandemonium: Orc:2 Depths:2 Depths:3

Annotations:
Lair:2 exclusion: downstairs
Lair:3 exclusion: downstairs
Snake:2 exclusion: 2 downstairs
Snake:4 Roxanne
Slime:2 exclusion: downstairs
Slime:4 exclusion: upstairs
Elf:2 3 runed translucent doors
Elf:3 3 runed translucent doors, Kaobra's ghost, adept GnWz; Tuny's ghost, adept SpEn; Xihoome's ghost, veteran MiGl
Crypt:2 exclusion: 2 downstairs
Dis:7 Dispater
Zot:2 exclusion: downstairs
Zot:3 1 exclusion
Zot:4 exclusions: upstairs and 1 more exclusion
Zot:5 1 exclusion


Innate Abilities, Weirdness & Mutations

You are an undead lich.
Your unarmed attacks are suffused with negative energy.
You are immune to unholy pain and torment.
Your necromantic spells are more powerful.
You are immune to poison.
You cannot drink.
You cannot wear most types of armour.
You are amphibious.
You can wear up to eight rings at the same time.
Your skin changes colour to match your surroundings (Stealth+).
Your rubbery body absorbs attacks. (AC +1, EV +1)
((You are camouflaged near water. (Stealth+)))
You have tentacles for arms and can constrict up to eight enemies at once.
One of your tentacles bears a nasty spike.
Your flesh is cold resistant. (rC+)
Your body sometimes deteriorates upon taking damage.
You are somewhat resistant to further mutation.
A frigid envelope surrounds you and freezes all who hurt you.
You expend magic power (3 MP) to strengthen your wands.


Message History

Confirm with . or Enter, or press ? or * to list all spells.
Aiming: Lehudib's Crystal Spear (mildly dangerous; 1% risk of failure)
Press: ? - help, Shift-Dir - straight line, f - green death
Aim: a green death (90% to hit)
The crystal spear hits the green death!!!!
You kill the green death!
Sif Muna accepts your kill.
An Orb Guardian comes into view.
There is a staircase leading out of the dungeon here.
You hit the Orb Guardian.
You pierce the Orb Guardian.
Your squeeze misses the Orb Guardian.
The Orb Guardian is lightly wounded.
You block the Orb Guardian's attack.
You closely miss the Orb Guardian.
You pierce the Orb Guardian.
You squeeze the Orb Guardian, but do no damage.
The Orb Guardian is lightly wounded.
You block the Orb Guardian's attack.
You miss the Orb Guardian.
You pierce the Orb Guardian.
You squeeze the Orb Guardian.
The Orb Guardian is lightly wounded.
You block the Orb Guardian's attack.
You hit the Orb Guardian.
Your tentacle spike misses the Orb Guardian.
You squeeze the Orb Guardian!
The Orb Guardian is moderately wounded.
You block the Orb Guardian's attack.
You puncture the Orb Guardian!
Lightning courses through the Orb Guardian!!
You pierce the Orb Guardian.
The Orb Guardian is severely wounded.
You block the Orb Guardian's attack.
You barely miss the Orb Guardian.
You pierce the Orb Guardian, but do no damage.
You squeeze the Orb Guardian!!
The Orb Guardian is almost dead.
You puncture the Orb Guardian!
You kill the Orb Guardian!
Sif Muna accepts your kill.
Unknown command.
You have escaped!

#......##..##.......#.#..)..##..#
#.###.###.......###......##....##
#.###....#.............#.......##
...#...#.#......###...##........#
.......#....#........##.#........
...#...#........#....#.##........
#####.##.....#.......#.#...#....#
#..#...#......#.##.#...#....#
#..#..#.....L...#.##........#
##.#.....##.........##......#
###...#...........##.#..#..#
#........#.###..#.##......
#................##.).....
############.##############
#...................# #.##.
###################.# #.##. #.#
#....


There were no monsters in sight!

Vanquished Creatures
  Cerebov (Pan)
  Antaeus (Coc:7)
  the Royal Jelly (Slime:5)
  Asmodeus (Geh:7)
  Ereshkigal (Tar:7)
  Gloorx Vloq (Pan)
  Mnoleg (Pan)
  the Serpent of Hell (Geh:7)
  6 dread liches
  Khufu (Tomb:1)
  5 ancient liches
  9 orbs of fire
  Mara (Vaults:2)
  16 juggernauts
  31 royal mummies
  Sojobo (Depths:3)
  29 shard shrikes
  5 Killer Klowns
  Geryon (Hell)
  Vashnia (Snake:4)
  2 curse toes
  6 caustic shrikes
  Nikola (Elf:2)
  10 golden dragons
  4 doom hounds
  5 electric golems
  12 pandemonium lords
  23 bone dragons
  34 Brimstone Fiends
  23 Tzitzimimeh
  36 tentacled monstrosities
  16 iron giants
  Rupert (D:13)
  13 Hell Sentinels
  28 Orb Guardians
  20 liches
  46 Ice Fiends
  12 quicksilver dragons
  8 titans
  5 tentacled starspawn
  4 deep elf blademasters
  17 deep elf master archers
  Frances (Swamp:1)
  34 acid blobs
  12 sphinxes
  34 Executioners
  5 death cobs
  36 ancient champions
  2 thorn hunters
  Donald (Orc:2)
  17 storm dragons
  26 draconian monks
  10 nagarajas
  32 shadow dragons
  11 rockslimes
  18 fire giants
  3 fenstrider witches
  6 revenants
  9 tengu reavers
  16 draconian knights
  14 azure jellies
  28 draconian scorchers
  15 orc warlords
  Aizul (Snake:4)
  15 frost giants
  13 iron dragons
  18 vault wardens
  9 ghost moths
  8 emperor scorpions
  5 deep elf sorcerers (Elf:3)
  16 draconian stormcallers
  23 draconian shifters
  61 balrugs
  13 warmongers (Pan)
  29 cacodemons
  18 draconian annihilators
  A juggernaut zombie (Zig:18)
  7 deep elf elementalists (Elf:3)
  26 ironbound preservers
  2 angels
  4 curse skulls
  3 spriggan defenders (Depths:4)
  A caustic shrike skeleton (Zig:18)
  9 blood saints (Pan)
  A juggernaut skeleton (Zig:17)
  26 stone giants
  14 war gargoyles
  4 ghouls (Crypt:3)
  12 corrupters (Pan)
  9 quicksilver oozes
  27 very ugly things
  94 reapers
  9 deep elf demonologists
  11 black suns (Pan)
  28 vampire knights
  5 elemental wellsprings
  24 lorocyprocas
  6 bunyips
  31 green draconians
  4 bennus (Tomb:1)
  20 purple draconians
  16 black draconians
  6 starcursed masses
  12 red draconians
  6 dire elephants
  33 yellow draconians
  5 entropy weavers
  9 spark wasps
  16 deep elf annihilators
  12 white draconians
  4 eidola
  11 deep elf death magi
  40 blizzard demons
  20 green deaths
  13 merfolk javelineers
  24 ettins
  23 mummy priests
  An eleionoma (shapeshifter) (Vaults:5)
  16 jiangshi
  5 merfolk impalers
  7 eleionomae
  10 deep elf high priests
  2 kraken zombies (Coc:4)
  19 yaktaur captains
  7 ironbound thunderhulks
  7 quicksilver dragon skeletons
  3 shambling mangroves
  10 fire dragons
  15 naga warriors
  6 hell beasts
  13 quicksilver dragon zombies
  5 rakshasas
  7 great orbs of eyes
  4 salamander tyrants
  38 vault guards
  2 peacekeepers
  6 ghost crabs
  Fannar (D:12)
  An ice dragon (shapeshifter) (Vaults:5)
  13 monstrous demonspawn (Pan)
  Erolcha (D:13)
  43 ice dragons
  30 hydras
  3 spriggan air magi
  A boulder beetle (D:14)
  4 ironbound frosthearts
  An ogre mage (Orc:2)
  21 centaur warriors
  10 anacondas
  An anaconda (shapeshifter) (Depths:3)
  Erica (D:8)
  10 alligators
  4 death knights
  135 death scarabs
  9 two-headed ogres
  9 merfolk aquamancers
  A two-headed ogre (shapeshifter) (Vaults:5)
  4 merfolk avatars
  7 tengu warriors
  40 hell hogs
  12 vampire magi
  5 satyrs
  9 deep troll earth magi
  4 deep troll shamans
  68 large abominations
  6 ironbound beastmasters
  23 dancing weapons
  12 titan zombies
  24 orc high priests
  9 shock serpents
  6 holy swine (Pan)
  7 thrashing horrors
  72 soul eaters
  8 spriggan berserkers
  9 naga sharpshooters
  104 sun demons
  20 storm dragon zombies
  Sonja (D:11)
  19 deep elf knights
  8 titan skeletons
  6 iron golems
  66 hell knights
  244 skeletal warriors
  5 salamander mystics
  13 spriggans
  19 iron trolls
  29 shadow wraiths
  5 wretched stars
  3 quicksilver dragon simulacra
  6 spatial maelstroms
  10 storm dragon skeletons
  14 infernal demonspawn
  A goliath frog (Swamp:3)
  20 anaconda zombies
  9 gelid demonspawn
  18 torturous demonspawn
  6 spriggan druids
  27 swamp dragons
  31 sixfirhies
  6 bog bodies
  7 death drakes
  9 golden dragon zombies
  4 sea snakes
  35 shadow demons
  88 deep trolls
  4 glowing orange brains
  5 ghost moth zombies
  6 obsidian statues
  7 naga ritualists
  9 golden dragon skeletons
  21 deep elf archers
  11 shadow dragon zombies
  15 flayed ghosts
  26 necromancers
  7 anaconda skeletons
  34 phantasmal warriors
  21 ironbound convokers
  12 wizards
  4 lindwurms
  An iron giant skeleton (Crypt:3)
  6 orb spiders (Zig:16)
  3 wolf spider zombies
  13 orc knights
  A wolf spider (shapeshifter) (Zig:22)
  35 deep elf zephyrmancers
  27 deep elf pyromancers
  17 harpies
  48 ugly things
  16 iron dragon zombies
  11 will-o-the-wisps
  A sphinx zombie (Zig:18)
  15 orc sorcerers
  9 fauns (Zig:21)
  21 cyclopes
  12 stone giant zombies
  11 frost giant zombies
  143 slime creatures
  11 mana vipers
  8 oklob plants
  14 shining eyes
  17 fire giant zombies
  9 wolf spiders
  9 manticores
  11 frost giant skeletons
  A goliath frog skeleton (Crypt:3)
  A worldbinder (Zig:5)
  40 moths of wrath
  4 shadow dragon skeletons
  14 salamanders
  2 elephants (Lair:6)
  A black mamba (shapeshifter) (D:13)
  A merfolk siren (Zig:15)
  An apocalypse crab (Abyss:3)
  7 stone giant skeletons
  Maurice (D:11)
  7 iron dragon skeletons
  22 naga magi
  9 eyes of devastation
  15 guardian serpents
  64 rust devils
  15 molten gargoyles
  4 shock serpent zombies
  22 vault sentinels
  37 orange demons (Pan)
  7 water nymphs
  A guardian serpent (shapeshifter) (Abyss:2)
  3 torpor snails
  30 black mambas
  50 smoke demons
  7 dire elephant zombies
  3 titan simulacra
  7 fire giant skeletons
  9 cane toads
  3 ice statues
  A rime drake (shapeshifter) (D:13)
  3 storm dragon simulacra
  7 unseen horrors
  2 sea snake zombies (Hell)
  64 hellions
  10 rime drakes
  4 dire elephant skeletons
  3 gargoyles
  2 catoblepas zombies
  39 yaktaurs
  5 spriggan zombies
  28 demonic crawlers
  5 catoblepas skeletons
  5 anaconda simulacra
  A white draconian zombie (Crypt:3)
  14 komodo dragons
  5 emperor scorpion zombies
  14 efreet
  A kobold demonologist (D:12)
  3 ancient zymes (Abyss:3)
  85 tormentors
  2 sea snake skeletons (Hell)
  66 guardian mummies
  2 minotaur skeletons
  12 harpy zombies
  A white draconian skeleton (Crypt:1)
  27 hellwings
  A green draconian skeleton (Crypt:3)
  61 ice devils
  83 freezing wraiths
  3 tengu conjurers (Depths:3)
  2 golden dragon simulacra
  2 elf skeletons
  99 red devils
  2 red draconian skeletons
  The ghost of babellerogue the Slasher, an amateur MiFi of Nemelex Xobeh (D:4)
  6 meliai
  6 bloated husks
  11 merfolk
  21 hornets
  7 jumping spiders
  37 hydra zombies
  10 wind drakes
  2 silent spectres
  2 wolf spider simulacra
  15 trolls
  2 polar bears
  14 tyrant leeches
  2 spectral guardian serpents (Crypt:1)
  A polar bear (shapeshifter) (Vaults:2)
  A moth of wrath zombie (Crypt:1)
  8 fire dragon zombies
  A wind drake (shapeshifter) (Zig:22)
  18 ice dragon zombies
  11 hydra skeletons
  4 harpy skeletons
  A raiju (Zig:5)
  An iron dragon simulacrum (Coc:5)
  15 alligator zombies
  11 blink frogs
  6 snapping turtles
  4 alligator skeletons
  17 ettin zombies
  5 fire dragon skeletons
  A fire giant simulacrum (Coc:5)
  13 redbacks
  A frost giant simulacrum (Crypt:3)
  9 tarantellas
  167 flying skulls
  A spriggan (shapeshifter) (Vaults:5)
  8 ettin skeletons
  40 shadows
  26 water elementals
  72 wraiths
  7 air elementals
  2 black mamba zombies
  8 ice dragon skeletons
  29 ushabtiu
  A vampire (D:10)
  A redback (shapeshifter) (Vaults:5)
  5 wyverns
  40 yaks
  A basilisk (shapeshifter) (D:14)
  3 basilisks
  Grum (D:8)
  2 dire elephant simulacra
  3 black mamba skeletons
  39 ynoxinuls
  11 vampire mosquitoes
  3 golden eyes (Pan)
  18 fire elementals
  Eustachio (D:4)
  5 steam dragons
  3 death yak simulacra (IceCv)
  33 chaos spawn
  26 neqoxecs
  9 spatial vortices (Abyss:3)
  2 merfolk zombies
  37 nagas
  A glowing shapeshifter zombie (Crypt:2)
  12 swamp worms
  2 harpy simulacra (IceCv)
  An infernal demonspawn zombie (Coc:5)
  13 wargs
  9 hydra simulacra
  9 small abominations
  7 acid dragons (Zig:24)
  15 water moccasins
  59 hell hounds
  Duvessa (D:6)
  2 merfolk skeletons
  A floating eye (shapeshifter) (Elf:1)
  4 human skeletons
  2 deep troll skeletons (Crypt:3)
  4 floating eyes
  23 cane toad zombies
  16 swamp drakes
  3 sky beasts
  A manticore zombie (Coc:5)
  52 orc warriors
  A dream sheep zombie (Crypt:3)
  5 alligator simulacra
  16 ice beasts
  12 snapping turtle zombies
  3 swamp dragon zombies
  27 necrophages
  14 ogres
  15 wolves
  4 cane toad skeletons
  2 ettin simulacra
  2 fire dragon simulacra
  7 snapping turtle skeletons
  3 swamp dragon skeletons
  12 centaurs
  6 phantoms
  9 kobold brigands
  4 elf zombies
  15 bullfrogs
  Blork the orc (D:4)
  A komodo dragon zombie (Crypt:1)
  5 two-headed ogre simulacra (IceCv)
  4 earth elementals
  A gnoll sergeant (D:9)
  4 cane toad simulacra
  2 scorpions
  Dowan (D:6)
  2 water moccasin zombies
  A cyclops skeleton (Crypt:2)
  A troll zombie (Dis:6)
  A manticore simulacrum (Coc:2)
  9 killer bees
  97 wights
  A raiju skeleton (Crypt:1)
  A troll skeleton (Coc:7)
  An electric eel (Lair:6)
  4 howler monkeys
  3 crimson imps
  2 hounds
  7 centaur zombies
  2 bullfrog zombies
  3 human zombies
  A quasit (Abyss:3)
  23 orc priests
  Crazy Yiuf (D:5)
  2 centaur skeletons
  A gnoll shaman (D:9)
  25 jellies
  39 iron imps
  An iguana (D:7)
  7 troll simulacra (IceCv)
  14 orc wizards
  3 polar bear simulacra (IceCv)
  2 spriggan simulacra (IceCv)
  2 killer bee zombies
  2 tengu zombies
  3 naga zombies
  2 ogre zombies (Dis:7)
  A tengu skeleton (Coc:2)
  A naga skeleton (Crypt:1)
  66 mummies
  A steam dragon zombie (Crypt:2)
  A tengu simulacrum (Coc:7)
  10 adders
  10 gnolls
  2 howler monkey skeletons
  4 naga simulacra (IceCv)
  2 river rats
  8 shadow imps
  41 white imps
  6 ufetubi
  A halfling zombie (Crypt:3)
  An iguana skeleton (Crypt:1)
  3 dart slugs (D:1)
  83 orcs
  10 ball pythons
  6 bats
  10 endoplasms
  5 giant cockroaches
  11 goblins
  11 hobgoblins
  A jackal (D:1)
  2 quokkas
  3 frilled lizards
  A frilled lizard skeleton (Crypt:2)
  33 kobolds
  A kobold zombie (Dis:1)
  An orc simulacrum (Crypt:3)
  An orc skeleton (Geh:7)
  An orc zombie (Crypt:3)
  9 rats
  3 ball lightnings (Pan)
  A bush (Lair:3)
  6 fire vortices (Pan)
  A lurking horror (Abyss:2)
  6 starspawn tentacles
  2 tentacles (Coc:4)
  A withered plant (Crypt:3)
6881 creatures vanquished.

Vanquished Creatures (collateral kills)
  A royal mummy (Tomb:1)
  Bai Suzhen (Swamp:4)
  Jorgrun (D:13)
  4 tentacled monstrosities
  A deep elf blademaster (Zig:22)
  A lich (Tomb:1)
  A deep elf master archer (Zig:21)
  An acid blob (Zig:11)
  A thorn hunter (Swamp:4)
  A draconian monk (Zig:26)
  A storm dragon (Vaults:5)
  A shadow dragon (Zig:24)
  Louise (D:14)
  2 emperor scorpions (Zig:27)
  An orc warlord (Zig:23)
  An iron dragon (Zig:24)
  A vault warden (Vaults:4)
  2 draconian annihilators
  A war gargoyle (Vaults:2)
  3 very ugly things
  2 stone giants (Zig:21)
  2 mummy priests
  A yaktaur captain (Zig:21)
  A ghost crab (Zig:14)
  An alligator snapping turtle (Zig:27)
  An alligator (Zig:9)
  2 death scarabs (Tomb:3)
  A satyr (Zig:21)
  A naga sharpshooter (Zig:21)
  A deep troll (Vaults:1)
  An iron troll (Zig:23)
  2 large abominations (Pan)
  A goliath frog (Swamp:4)
  A swamp dragon (Zig:24)
  A bog body (IceCv)
  A harpy (Zig:15)
  A slime creature (Vaults:4)
  A manticore (Zig:15)
  An ugly thing (D:14)
  A will-o-the-wisp (Swamp:4)
  2 orange demons (Pan)
  2 guardian mummies
  An ice devil (Zig:17)
  A rime drake (Zig:24)
  A hellwing (Pan)
  A ynoxinul (Pan)
  A redback (Zig:16)
  2 neqoxecs (Pan)
  3 golden eyes (Pan)
  An acid dragon (Zig:24)
  2 floating eyes (Pan)
  A swamp drake (Zig:24)
  2 orc warriors (Zig:23)
  2 killer bees (D:10)
  An orc priest (Orc:1)
  10 mummies
  2 white imps (Zig:17)
  6 ball lightnings (Pan)
  A block of ice (Pan)
  2 fire vortices (Pan)
95 creatures vanquished.

Vanquished Creatures (others)
  A pandemonium lord (Zig:25)
  A titan (Pan)
  An eldritch tentacle (Pan)
  An azure jelly (shapeshifter) (Zig:25)
  A draconian knight (Zig:26)
  A ghost moth (Zot:5)
  2 very ugly things (Vaults:1)
  A yellow draconian (Zot:5)
  A green death (Pan)
  A blizzard demon (Pan)
  2 shambling mangroves (Zig:14)
  A fire dragon (Zig:24)
  A hydra (Zig:14)
  A hell hog (Geh:7)
  A soul eater (Pan)
  A deep elf knight (Elf:1)
  A sixfirhy (Pan)
  A goliath frog (Zig:14)
  A flayed ghost (Geh:7)
  A death drake (Zig:14)
  A bog body (IceCv)
  A necromancer (Dis:7)
  A wizard (Pan)
  An ugly thing (Zig:25)
  A will-o-the-wisp (Zig:14)
  3 apocalypse crabs (Zig:25)
  A smoke demon (Pan)
  A hellwing (Pan)
  A tormentor (Zig:25)
  An anaconda simulacrum (IceCv)
  A meliai (shapeshifter) (Zig:25)
  A bloated husk (Zig:14)
  An ice dragon zombie (Geh:7)
  A flying skull (Geh:7)
  A tarantella (Zig:27)
  A chaos spawn (Zig:25)
  2 large abominations (Abyss:3)
  2 vampire mosquitoes (D:11)
  A hell hound (Tar:2)
  An iguana (D:4)
  An ufetubus (IceCv)
  An orc (D:4)
  9 ball lightnings
  A block of ice (Zig:25)
  627 fire vortices
  25 foxfires
  20 fungi
  134 plants
  7 starspawn tentacles
  5 tentacles (Coc:4)
  16 withered plants
892 creatures vanquished.

Grand Total: 7868 creatures vanquished

Notes
Turn   | Place    | Note
-------+----------+-------------------------------------------
     0 | D:1      | ABBCCCDDDD the Octopode Arcane Marksman began the quest for
                  | the Orb.
     0 | D:1      | Reached XP level 1. HP: 13/13 MP: 2/2
    52 | D:1      | Reached skill level 1 in Stealth
   209 | D:1      | Reached XP level 2. HP: 17/18 MP: 3/3
   618 | D:1      | Reached XP level 3. HP: 16/23 MP: 4/4
   882 | D:1      | Found a faded altar of an unknown god.
   888 | D:1      | Got the Grimoire of Beguiling and Flight
   893 | D:1      | Learned a level 3 spell: Inner Flame
  1683 | D:2      | Noticed a scorpion
  2332 | D:2      | Reached XP level 4. HP: 29/29 MP: 5/5
  2478 | D:2      | Killed a scorpion
  2479 | D:2      | Reached XP level 5. HP: 30/34 MP: 3/6
  2637 | D:2      | Found an iron altar of Okawaru.
  2885 | D:3      | Learned a level 2 spell: Slow
  3822 | D:4      | Noticed an ogre
  3950 | D:4      | Noticed an ogre
  4409 | D:4      | Reached XP level 6. HP: 42/42 MP: 3/7
  4516 | D:4      | Noticed Blork the orc
  4531 | D:4      | Noticed a necrophage
  4830 | D:4      | Reached XP level 7. HP: 47/47 MP: 1/8
  4917 | D:4      | Noticed a steam dragon
  4964 | D:5      | Entered Level 5 of the Dungeon
  5014 | D:5      | Found a runed translucent door.
  5015 | D:5      | Noticed babellerogue's ghost (amateur MiFi)
  5272 | D:5      | Found a runed translucent door.
  5273 | D:5      | Noticed Crazy Yiuf
  5482 | D:5      | Reached skill level 5 in Hexes
  5515 | D:5      | Found a shimmering altar of Xom.
  5622 | D:5      | Found a glowing drain.
  5635 | Sewer    | Entered a sewer
  5845 | Sewer    | Reached skill level 5 in Slings
  6051 | Sewer    | Reached skill level 5 in Fighting
  6301 | D:5      | Found a runed translucent door.
  6359 | D:5      | Reached XP level 8. HP: 46/55 MP: 7/9
  6438 | D:5      | Found an ornate altar of the Wu Jian Council.
  6920 | D:7      | Reached skill level 5 in Stealth
  7226 | D:6      | Noticed Duvessa
  7226 | D:6      | Noticed Dowan
  7286 | D:6      | Learned a level 4 spell: Cause Fear
  7660 | D:6      | Killed Duvessa
  7694 | D:6      | Killed Dowan
  7848 | D:6      | Found Povisa's Book Shop.
  8064 | D:7      | Reached XP level 9. HP: 61/61 MP: 13/13
  8444 | D:7      | Found a shimmering blue altar of Sif Muna.
  8461 | D:7      | Became a worshipper of Sif Muna the Loreminder
  8478 | D:7      | Found a staircase to the Ecumenical Temple.
  8767 | D:5      | Killed Crazy Yiuf
  9378 | D:8      | Noticed Grum
  9426 | D:8      | Noticed Erica
  9707 | D:8      | Killed Grum
  9885 | D:8      | Reached skill level 1 in Evocations
 10350 | D:8      | Found a stormy altar of Qazlal.
 10373 | D:8      | Reached * piety under Sif Muna
 10686 | D:7      | Reached XP level 10. HP: 66/66 MP: 14/14
 11310 | D:9      | Learned a level 5 spell: Bolt of Magma
 11512 | D:9      | Noticed a gargoyle
 11831 | D:9      | Found an ancient bone altar of Kikubaaqudgha.
 11895 | D:9      | Identified the ring "Xados" {rF+ Will+ Str+6}
 11969 | D:9      | Reached skill level 1 in Conjurations
 11969 | D:9      | Reached skill level 1 in Fire Magic
 12067 | D:10     | Entered Level 10 of the Dungeon
 12077 | D:10     | Reached skill level 1 in Earth Magic
 12532 | D:10     | Reached skill level 5 in Evocations
 12729 | D:10     | Identified a scroll of acquirement
 12730 | D:10     | Acquired the ring "Dabb" {rElec rC+ Str-5 Dex+6}
 13115 | D:11     | Found a staircase to the Lair.
 13131 | D:11     | Found a sacrificial altar of Ru.
 13188 | D:11     | Noticed Sonja
 13229 | D:11     | Noticed a two-headed ogre
 13302 | D:11     | Killed a two-headed ogre
 13303 | D:11     | Reached XP level 11. HP: 71/71 MP: 13/15
 13356 | D:11     | Noticed a two-headed ogre
 13387 | D:11     | Killed a two-headed ogre
 13457 | D:11     | Found a gate leading to a gauntlet.
 13466 | D:11     | Reached ** piety under Sif Muna
 13504 | D:11     | Noticed a cyclops
 13735 | D:11     | Noticed Maurice
 13760 | D:11     | Killed Maurice
 13798 | D:11     | Noticed a two-headed ogre
 13816 | D:11     | Killed a two-headed ogre
 13841 | Lair:1   | Entered Level 1 of the Lair of Beasts
 14043 | Lair:1   | Reached skill level 5 in Conjurations
 14126 | Lair:1   | Reached skill level 5 in Fire Magic
 14126 | Lair:1   | Reached skill level 5 in Earth Magic
 15862 | Lair:1   | Reached XP level 12. HP: 58/77 MP: 16/16
 16234 | Lair:2   | You fall into a shaft and drop 2 floors!
 16259 | Lair:3   | Found a staircase to the Snake Pit.
 16709 | Lair:2   | Identified the amulet "Ighoaff" {Reflect Int+3 Dex+3 Slay+3
                  | SH+5}
 16867 | Lair:2   | Noticed a five-headed hydra
 16888 | Lair:2   | Killed a five-headed hydra
 17252 | Lair:3   | Noticed a five-headed hydra
 17348 | Lair:3   | Killed a five-headed hydra
 18096 | Lair:3   | Reached *** piety under Sif Muna
 18350 | Lair:3   | Noticed a six-headed hydra
 18508 | Lair:3   | Killed a six-headed hydra
 18625 | Lair:3   | Found a staircase to the Swamp.
 18629 | Lair:3   | Noticed a five-headed hydra
 18642 | Lair:3   | Killed a five-headed hydra
 18816 | Lair:3   | Reached skill level 5 in Spellcasting
 19637 | Lair:4   | Reached XP level 13. HP: 81/81 MP: 19/21
 20305 | Lair:5   | Found a runed translucent door.
 20305 | Lair:5   | Found a viscous altar of Jiyva.
 20317 | Lair:5   | Noticed an azure jelly
 20318 | Lair:5   | Found a staircase to the Slime Pits.
 21443 | Lair:5   | Reached skill level 5 in Dodging
 22793 | Lair:5   | Acquired the +0 buckler of Impermeability {Drain Fly rCorr
                  | Stlth+}
 22827 | Lair:6   | Entered Level 6 of the Lair of Beasts
 23135 | Lair:5   | HP: 1/81 [komodo dragon (33)]
 23551 | Lair:6   | Reached skill level 1 in Shields
 23677 | Lair:5   | Reached **** piety under Sif Muna
 25018 | Lair:6   | Found the ring of the Octopus King
 25019 | Lair:6   | Found the +2 hood of the Assassin {Detection Stab+ Stlth++}
 25030 | Lair:6   | Identified a ring of the Octopus King {AC+1 EV+1 Str+1
                  | Int+1 Dex+1 SInv}
 25559 | D:4      | Killed babellerogue's ghost
 25687 | D:4      | Reached XP level 14. HP: 83/88 MP: 16/26
 25813 | D:4      | Noticed Eustachio
 25816 | D:4      | Killed Eustachio
 26164 | D:4      | Killed Blork the orc
 26368 | D:8      | Killed Erica
 26376 | D:8      | Learned a level 3 spell: Mephitic Cloud
 26467 | D:8      | Found a hazy altar of Hepliaklqana.
 27178 | D:11     | Killed Sonja
 27734 | D:6      | Bought Ozocubu's Autobiography for 336 gold pieces
 27738 | D:6      | Learned a level 3 spell: Ozocubu's Armour
 27746 | D:6      | Learned a level 7 spell: Ozocubu's Refrigeration
 27914 | D:12     | Noticed Fannar
 27926 | D:12     | Found a frozen archway.
 27932 | D:12     | Killed Fannar
 28003 | IceCv    | Entered an ice cave
 28571 | IceCv    | Reached ***** piety under Sif Muna
 28635 | IceCv    | Reached skill level 1 in Ice Magic
 29448 | IceCv    | Found the +2 hat of the Bear Spirit {Spirit, +Rage rN+
                  | Will++}
 29448 | IceCv    | Found the +4 skin of Zhor {*Englaciate rC+++ SInv}
 29449 | IceCv    | Found the +9 staff of Olgreb {rPois∞}
 29948 | D:12     | Identified the +7 dagger of Valour {freeze, rN+}
 30633 | D:12     | Found a staircase to the Orcish Mines.
 30806 | D:12     | Received a gift from Sif Muna
 30807 | D:12     | Got Sif Muna's Grimoire of the Neverending Interlopers {god
                  | gift}
 30835 | D:12     | Identified the +4 flail "Jetot" {elec, Will+ MP+9}
 30992 | D:12     | Identified the ring of Piythreph {*Corrode rElec rPois rC++
                  | AC+4}
 31292 | D:13     | Noticed Rupert
 32313 | D:13     | Noticed Erolcha
 32711 | Orc:1    | Entered Level 1 of the Orcish Mines
 32926 | D:12     | Paralysed by an orc sorcerer for 5 turns
 33161 | Swamp:1  | Entered Level 1 of the Swamp
 33225 | Snake:1  | Entered Level 1 of the Snake Pit
 33335 | Snake:3  | Reached skill level 10 in Slings
 33503 | Snake:2  | Noticed a nagaraja
 33707 | D:14     | Noticed Louise
 35328 | Orc:2    | Entered Level 2 of the Orcish Mines
 35650 | Orc:2    | Reached skill level 5 in Ice Magic
 35650 | Orc:2    | Reached XP level 15. HP: 99/99 MP: 19/28
 35885 | Orc:2    | Reached skill level 10 in Spellcasting
 35913 | Orc:2    | Received a gift from Sif Muna
 37066 | Orc:2    | Found Arakha Mecis's General Store.
 37070 | Orc:2    | Found Wuprom Mutyo's General Store.
 37557 | Orc:2    | Bought 2 potions of curing for 60 gold pieces
 37989 | Orc:2    | Paralysed by an orc sorcerer for 7 turns
 38245 | Orc:2    | Found a staircase to the Elven Halls.
 38753 | Orc:2    | Received a gift from Sif Muna
 38754 | Orc:2    | Got Sif Muna's Grimoire of Bewitchment {god gift}
 38924 | Orc:2    | Found Ihekhol's Book Shoppe.
 38924 | Orc:2    | Found Saerepea's Antique Weapon Emporium.
 38925 | Orc:2    | Found a one-way gate leading to the halls of Pandemonium.
 38929 | Orc:2    | Bought a crystal hunting sling for 214 gold pieces
 38929 | Orc:2    | Identified the +4 hunting sling of Indomitability {vorpal,
                  | Str+2} (You bought it in a shop on level 2 of the Orcish
                  | Mines)
 39012 | Orc:2    | Learned a level 4 spell: Passage of Golubria
 39260 | D:13     | Reached skill level 1 in Translocations
 39825 | D:13     | Killed Rupert
 39959 | D:13     | Noticed Jorgrun
 40006 | D:13     | Killed Jorgrun
 40007 | D:13     | Reached skill level 10 in Ice Magic
 40621 | D:14     | Found a gate to the Vaults.
 41003 | D:14     | Reached XP level 16. HP: 100/105 MP: 27/30
 41203 | D:15     | Entered Level 15 of the Dungeon
 41203 | D:15     | Found a blossoming altar of Fedhas.
 41309 | D:15     | Identified the +6 flail "Hydra's Foe" {protect, Contam
                  | Dex+3}
 41882 | D:14     | Killed Louise
 41912 | D:14     | Identified the ring of Powul {rElec Will++ rCorr MP+9
                  | Str-3}
 43119 | D:13     | Killed Erolcha
 44377 | Snake:1  | Received a gift from Sif Muna
 44459 | Snake:1  | Got Sif Muna's Grimoire of Icy Transformation {god gift}
 46492 | Snake:2  | Killed a nagaraja
 48336 | Snake:3  | Reached XP level 17. HP: 109/109 MP: 26/32
 49344 | Snake:3  | Identified the +7 trident of Defiance {drain, Fly rPois
                  | Dex+4}
 49523 | Snake:4  | Entered Level 4 of the Snake Pit
 49926 | Snake:4  | Identified the ring of the Salmon {rPois Will+ Str+3 Int+4}
 50093 | Snake:4  | Identified the +1 scale mail "Jiutsemm" {Regen+ Str-2 Int+8
                  | Stlth-}
 50109 | Snake:4  | Identified Roxanne's Reference Book on the Mountains
 50109 | Snake:4  | Noticed Roxanne
 50627 | Snake:4  | Received a gift from Sif Muna
 50701 | Snake:4  | Got Sif Muna's Compendium of Destructive Snow {god gift}
 50719 | Snake:4  | Found a shimmering blue altar of Sif Muna.
 50936 | Snake:4  | Noticed Aizul
 52716 | Snake:4  | Reached skill level 15 in Ice Magic
 53483 | Snake:4  | Noticed Vashnia
 53936 | Swamp:1  | Reached skill level 1 in Invocations
 54407 | Swamp:1  | Noticed Frances
 54428 | Swamp:1  | Killed Frances
 55736 | Swamp:2  | Reached XP level 18. HP: 117/117 MP: 14/35
 57594 | Swamp:3  | Reached skill level 5 in Invocations
 57916 | Swamp:3  | Received a gift from Sif Muna
 58014 | Swamp:3  | Got Sif Muna's Guide on the Frigorific Blaze {god gift}
 58021 | Swamp:3  | Learned a level 5 spell: Fireball
 58157 | Swamp:4  | Entered Level 4 of the Swamp
 58415 | Swamp:4  | Noticed Bai Suzhen
 58463 | Swamp:4  | Killed Bai Suzhen
 59821 | Swamp:4  | Reached skill level 10 in Dodging
 59902 | Swamp:4  | Reached skill level 10 in Fighting
 60342 | Swamp:4  | Acquired a +1 buckler of protection
 60356 | Swamp:4  | Got a decaying rune of Zot
 60926 | Lair:3   | Learned a level 4 spell: Summon Lightning Spire
 61085 | Snake:1  | Learned a level 5 spell: Freezing Cloud
 61278 | Vaults:1 | Entered Level 1 of the Vaults
 61286 | Vaults:1 | Received a gift from Sif Muna
 61719 | Vaults:1 | Reached XP level 19. HP: 126/126 MP: 10/36
 63145 | Vaults:1 | Reached skill level 10 in Fire Magic
 63146 | Vaults:1 | Reached skill level 10 in Conjurations
 65489 | Vaults:2 | Received a gift from Sif Muna
 66273 | Vaults:2 | Found a staircase to the Crypt.
 67274 | Vaults:2 | Noticed Mara
 67283 | Vaults:2 | Killed Mara
 67284 | Vaults:2 | Reached XP level 20. HP: 132/132 MP: 9/38
 68300 | Vaults:2 | Reached skill level 15 in Spellcasting
 70094 | Vaults:3 | Received a gift from Sif Muna
 70095 | Vaults:3 | Got Sif Muna's Incunabulum of Mutagenic Curses {god gift}
 70900 | Vaults:3 | Reached skill level 10 in Stealth
 71052 | Vaults:3 | Learned a level 8 spell: Ignition
 73440 | Vaults:4 | Reached XP level 21. HP: 140/140 MP: 20/41
 74066 | Vaults:4 | Received a gift from Sif Muna
 75146 | Vaults:4 | Identified the +7 war axe "Beast's Nightmare" {freeze,
                  | rElec Str+4}
 75660 | Vaults:4 | Identified the +10 mace of Conscience {holy, rPois Dex+3}
 76043 | Vaults:4 | Received a gift from Sif Muna
 76046 | Vaults:4 | Got Sif Muna's Collected Works on Arcane Weapons and Cold
                  | {god gift}
 77418 | Elf:1    | Entered Level 1 of the Elven Halls
 77419 | Elf:1    | Noticed Donald
 77564 | Orc:2    | Killed Donald
 77849 | Elf:1    | Found Duyf's Distillery.
 79185 | Elf:1    | Bought a potion of heal wounds for 65 gold pieces
 79185 | Elf:1    | Bought a potion of magic for 104 gold pieces
 79204 | Elf:1    | Got Voosmobla's Handbook of Dark Rituals
 79728 | Elf:1    | Received a gift from Sif Muna
 80032 | Elf:1    | Reached XP level 22. HP: 153/153 MP: 36/42
 81168 | Elf:2    | Found a runed translucent gate.
 81168 | Elf:2    | Found a runed translucent gate.
 81168 | Elf:2    | Found a runed translucent gate.
 81593 | Elf:2    | Noticed Nikola
 81605 | Elf:2    | Killed Nikola
 81606 | Elf:2    | Reached skill level 15 in Fire Magic
 81927 | Elf:3    | Entered Level 3 of the Elven Halls
 82183 | Elf:3    | Found a shimmering blue altar of Sif Muna.
 82369 | Elf:3    | Found a runed translucent gate.
 82369 | Elf:3    | Found a runed translucent gate.
 82369 | Elf:3    | Found a runed translucent gate.
 82370 | Elf:3    | Noticed Kaobra's ghost (adept GnWz)
 82371 | Elf:3    | Noticed Tuny's ghost (adept SpEn)
 82371 | Elf:3    | Noticed Xihoome's ghost (veteran MiGl)
 82417 | Elf:3    | Found Ehepexi's Overcharged Wands.
 84387 | Elf:3    | Identified the amulet "Xadukud" {Regen+ Stlth+}
 84577 | Elf:3    | Paralysed by an air elemental for 1 turns
 84898 | Elf:3    | Found the ring of the Octopus King {Fly AC+1 EV+1 Str+1
                  | Int+1 Dex+1}
 85165 | Elf:3    | Identified the ring "Jetz" {MP+9 Str+6 Dex+4 Slay-6 SInv}
 85336 | Elf:3    | Identified the +3 leather armour of Pedur {rN+ Regen+
                  | Dex+4}
 86085 | Elf:3    | Identified the +5 morningstar of the Egg {freeze, rElec
                  | rCorr Dex+2}
 86358 | Elf:3    | Found the +3 pair of seven-league boots {Rampage+∞}
 86364 | Elf:3    | Got the Catalogue of Doomed Dislocation
 87001 | Snake:4  | Killed Vashnia
 87215 | Snake:4  | Killed Aizul
 87496 | Snake:4  | Received a gift from Sif Muna
 87758 | Snake:4  | Reached XP level 23. HP: 160/160 MP: 5/43
 88069 | Snake:4  | Got a serpentine rune of Zot
 88802 | Slime:1  | Entered Level 1 of the Pits of Slime
 89777 | Slime:1  | Gained mutation: You are clumsy. (Dex -2) [a shining eye]
 90779 | Slime:3  | Gained mutation: Your body sometimes deteriorates upon
                  | taking damage. [a shining eye]
 91621 | Slime:4  | Received a gift from Sif Muna
 91622 | Slime:4  | Got Sif Muna's Collected Works on Creative Snow {god gift}
 93010 | Slime:5  | Entered Level 5 of the Pits of Slime
 94588 | Slime:5  | Found a viscous altar of Jiyva.
 94653 | Slime:5  | Noticed the Royal Jelly
 95008 | Slime:5  | Found the amulet of the Air {Inacc Air Fly rElec RMsl}
 95592 | Slime:5  | Killed the Royal Jelly
 95727 | Slime:5  | Reached XP level 24. HP: 166/166 MP: 43/43
 95737 | Slime:5  | Identified the +0 scale mail of Doomed Creativity {rElec}
 95761 | Slime:5  | Got a slimy rune of Zot
 95792 | Slime:5  | Identified the +1 chain mail "Gesait" {rF+ Int+3 Dex+3
                  | SInv}
 95824 | Slime:5  | Got the Compendium of Subjectivity
 95842 | Slime:5  | Identified the amulet of Eternity {Spirit rPois rF+++ Str-4
                  | Dex-2}
 96203 | Lair:5   | Learned a level 6 spell: Simulacrum
 96513 | Orc:2    | Bought 14 stones for 14 gold pieces
 96513 | Orc:2    | Bought a scroll of magic mapping for 35 gold pieces
 96513 | Orc:2    | Bought a scroll of summoning for 95 gold pieces
 96515 | Orc:2    | Bought a potion of curing for 51 gold pieces
 96515 | Orc:2    | Bought 24 sling bullets for 204 gold pieces
 96763 | Vaults:5 | Entered Level 5 of the Vaults
 96764 | Vaults:5 | Received a gift from Sif Muna
 96765 | Vaults:5 | Reached XP level 25. HP: 171/171 MP: 43/43
 97332 | Vaults:5 | Reached skill level 10 in Shields
 97664 | Vaults:5 | Identified the +8 trident "Idyl" {antimagic, Str+2 Dex+4}
 98300 | Vaults:5 | Noticed a dread lich
 98568 | Vaults:5 | Killed a dread lich
 99439 | Vaults:5 | Identified the +4 shortbow of Jikau {freeze, rElec}
 99455 | Vaults:5 | Received a gift from Sif Muna
 99817 | Vaults:5 | Noticed an ancient lich
 99841 | Vaults:5 | Killed an ancient lich
100876 | Vaults:5 | Reached XP level 26. HP: 178/178 MP: 5/43
101029 | Vaults:5 | Got Sif Muna's Volume of Flying Conjuration {god gift}
101465 | Vaults:5 | Reached skill level 10 in Earth Magic
102550 | Vaults:5 | Got the Incunabulum of Poisonous Darkness
102589 | Vaults:5 | Noticed a dread lich
102610 | Vaults:5 | Killed a dread lich
104272 | Vaults:5 | Identified the ring "Eshren" {rN+ Will+ rCorr MP+9 Dex+4}
104301 | Vaults:5 | Got a silver rune of Zot
104316 | Vaults:5 | Got the Catalogue of Creation
104317 | Vaults:5 | Identified the ring "Viseqod" {Will+ EV+4 Int+4}
104626 | Vaults:1 | Learned a level 8 spell: Lehudib's Crystal Spear
105096 | D:15     | Received a gift from Sif Muna
105098 | D:15     | Got Sif Muna's Disquisition on Excruciating Ice {god gift}
105254 | D:15     | Found a staircase to the Depths.
105443 | D:15     | Found an iron altar of Okawaru.
105648 | Depths:1 | Entered Level 1 of the Depths
105678 | Depths:1 | Reached skill level 15 in Shields
106453 | Depths:1 | Found a broken altar of Ashenzari.
107349 | Depths:1 | Found a gateway to Hell.
107785 | Depths:2 | Found a one-way gate to the infinite horrors of the Abyss.
108653 | Depths:2 | Found a glowing silver altar of Zin.
109705 | Depths:2 | Identified the ring "Puclione" {Dex+6 Slay+6}
110104 | Depths:3 | Noticed Sojobo
110122 | Depths:3 | Killed Sojobo
110332 | Depths:3 | Received a gift from Sif Muna
110334 | Depths:3 | Got Mautrets's Guide on the Harmful Glacier {god gift}
110516 | Depths:3 | Identified the amulet "Tetieppu" {Faith Dex+3}
110699 | Depths:3 | Reached XP level 27. HP: 183/183 MP: 44/44
110998 | Depths:3 | Found a gateway to a ziggurat.
111572 | Depths:3 | Found Wopsafuy's Book Emporium.
111572 | Depths:3 | Found Zigur's Jewellery Shop.
111573 | Depths:3 | Found Nyucwiaq's Book Emporium.
111984 | Depths:3 | Noticed a juggernaut
112180 | Depths:3 | Reached skill level 10 in Invocations
112192 | Depths:3 | Reached skill level 15 in Conjurations
112326 | Depths:3 | Found the +2 Maxwell's thermic engine {flame, freeze}
112333 | Depths:3 | Got Roxanne's Handbook of Clay and Moulding
112680 | Depths:3 | Killed a juggernaut
114464 | Orc:2    | Bought a glowing fustibalus for 594 gold pieces
114759 | Depths:4 | Received a gift from Sif Muna
114871 | Depths:4 | Got Sif Muna's Grimoire of Confrontation and Changing {god
                  | gift}
116745 | Depths:4 | Found a corrupted altar of Lugonu.
116802 | Depths:4 | Identified the +6 chain mail of the Other Side {*Corrode
                  | Int+5}
116941 | Depths:5 | Entered Level 5 of the Depths
119031 | Depths:5 | Received a gift from Sif Muna
119056 | Depths:5 | Got Buvuag's Catalogue of Doomed Air {god gift}
119186 | Depths:5 | Found the +10 dark maul {vorpal}
119427 | Depths:5 | Found a gate to the Realm of Zot.
119741 | Zot:1    | Entered Level 1 of the Realm of Zot
119758 | Zot:1    | Reached skill level 15 in Earth Magic
120949 | Zot:1    | You fall into a shaft and drop 1 floor!
123354 | Zot:2    | Identified the ring of the Spinneret {EV+4 Int+3 SInv}
123987 | Zot:2    | Received a gift from Sif Muna
124483 | Zot:2    | Identified the +0 chain mail of Bespelled Music {rC- rN++
                  | Dex+5}
127591 | Zot:3    | You fall into a shaft and drop 1 floor!
127616 | Zot:3    | Noticed an orb of fire
127627 | Zot:3    | Gained mutation: You are weak. (Str -2) [an orb of fire]
127864 | Zot:3    | You fall into a shaft and drop 1 floor!
128129 | Zot:3    | Gained mutation: Your body often deteriorates upon taking
                  | damage. [an orb of fire]
128129 | Zot:3    | Gained mutation: Your magical capacity is low. (-10% MP)
                  | [an orb of fire]
128139 | Zot:3    | Gained mutation: You are very clumsy. (Dex -4) [an orb of
                  | fire]
128140 | Zot:3    | Killed an orb of fire
128162 | Zot:3    | Received a gift from Sif Muna
128381 | Zot:3    | Got Sif Muna's Tome of the Rocks {god gift}
129881 | Zot:4    | Learned a level 8 spell: Necromutation
129945 | Zot:4    | Reached skill level 1 in Necromancy
130778 | Zot:5    | Entered Level 5 of the Realm of Zot
130975 | Zot:5    | Reached skill level 5 in Necromancy
131537 | Hell     | Entered the Vestibule of Hell
131537 | Hell     | Noticed Geryon
131551 | Hell     | Killed Geryon
132512 | Depths:5 | Received a gift from Sif Muna
132517 | Depths:5 | Got Gauph's Reference Book on Companions and Moulding {god
                  | gift}
132989 | Hell     | Found a gateway to the ashen valley of Gehenna.
133110 | Hell     | Found a gateway to the decaying netherworld of Tartarus.
133121 | Hell     | Reached skill level 10 in Necromancy
133452 | Hell     | Found a gateway to the freezing wastes of Cocytus.
133643 | Hell     | Found a gateway to the Iron City of Dis.
134335 | Crypt:1  | Entered Level 1 of the Crypt
135543 | Crypt:1  | Lost mutation: Your magical capacity is low. (-10% MP)
                  | [potion of mutation]
135543 | Crypt:1  | Lost mutation: You are very clumsy. (Dex -4) [potion of
                  | mutation]
135543 | Crypt:1  | Lost mutation: Your body often deteriorates upon taking
                  | damage. [potion of mutation]
135543 | Crypt:1  | Lost mutation: You are clumsy. (Dex -2) [potion of
                  | mutation]
135543 | Crypt:1  | Gained mutation: One of your tentacles bears a spike.
                  | [potion of mutation]
135543 | Crypt:1  | Gained mutation: You possess an exceptional clarity of
                  | mind. [potion of mutation]
137069 | Crypt:3  | Entered Level 3 of the Crypt
137946 | Crypt:3  | Received a gift from Sif Muna
138777 | Crypt:3  | Found a staircase to the Tomb.
139387 | Crypt:3  | Reached skill level 15 in Necromancy
140445 | Crypt:3  | Found an ancient bone altar of Kikubaaqudgha.
140515 | Crypt:3  | Received a gift from Sif Muna
140943 | Crypt:3  | Got Sif Muna's Guide on Unholy Flight {god gift}
141039 | Crypt:3  | Reached skill level 1 in Transmutations
141884 | Coc:1    | Entered Level 1 of Cocytus
142588 | Coc:2    | Reached skill level 5 in Transmutations
143184 | Coc:1    | Received a gift from Sif Muna
143185 | Coc:1    | Got Sif Muna's Grimoire of Unholy Secrets and
                  | Transmigration {god gift}
144264 | Coc:3    | Reached skill level 10 in Transmutations
145299 | Coc:3    | Received a gift from Sif Muna
146433 | Coc:2    | Received a gift from Sif Muna
146434 | Coc:2    | Got Sif Muna's Handbook of Sinister Curses {god gift}
147115 | Coc:4    | Reached skill level 15 in Transmutations
147990 | Coc:4    | Received a gift from Sif Muna
147991 | Coc:4    | Got Sif Muna's Volume of Feathery Companions {god gift}
148916 | Coc:7    | Entered Level 7 of Cocytus
149258 | Coc:7    | Received a gift from Sif Muna
149523 | Coc:7    | Got Sif Muna's Incunabulum of Cankerous Evil Secrets {god
                  | gift}
150207 | Coc:7    | Learned a level 9 spell: Fire Storm
150387 | Coc:7    | Noticed Antaeus
150423 | Coc:7    | Killed Antaeus
150551 | Coc:7    | Got an icy rune of Zot
150622 | Coc:7    | Identified the +11 lajatang "Hohuolob" {flame, Dex+5}
150838 | Coc:7    | Received a gift from Sif Muna
151460 | Dis:1    | Entered Level 1 of the Iron City of Dis
153371 | Dis:1    | Reached skill level 1 in Maces & Flails
154729 | Dis:3    | Reached skill level 5 in Maces & Flails
155665 | Dis:4    | Reached skill level 1 in Polearms
156390 | Dis:7    | Entered Level 7 of the Iron City of Dis
156846 | Dis:7    | Reached skill level 5 in Polearms
157688 | Dis:7    | Identified the amulet of Ecwik {RegenMP +Blink Int+3
                  | Stlth-}
158449 | Dis:7    | Found the +4 staff of Dispater
158449 | Dis:7    | Noticed Dispater
158804 | Dis:7    | Reached skill level 10 in Polearms
158916 | Dis:7    | Got an iron rune of Zot
159047 | Tar:1    | Entered Level 1 of Tartarus
159190 | Tar:2    | Reached ****** piety under Sif Muna
160828 | Tar:7    | Entered Level 7 of Tartarus
161306 | Tar:7    | Found the +9 scales of the Dragon King {rPois rF+ rC+
                  | Will+}
161317 | Tar:7    | Identified the -1 pair of gloves of Qosotadd {rElec rF+}
161319 | Tar:7    | Identified the ring of Qadgh {*Slow rElec rPois rC+ rN+++}
161327 | Tar:7    | Identified the ring "Omeall" {Fly Dex+6}
161832 | Tar:7    | Noticed an ancient lich
161834 | Tar:7    | Noticed a dread lich
161837 | Tar:7    | Killed an ancient lich
161838 | Tar:7    | Killed a dread lich
161874 | Tar:7    | Reached skill level 15 in Fighting
161915 | Tar:7    | Identified the ring of Vuehoig {rElec rC+ rN+ Dex-3}
161981 | Tar:7    | Noticed Ereshkigal
161987 | Tar:7    | Killed Ereshkigal
162127 | Tar:7    | Got a bone rune of Zot
162333 | Geh:1    | Entered Level 1 of Gehenna
164592 | Geh:4    | Found a burning altar of Makhleb.
164812 | Geh:7    | Entered Level 7 of Gehenna
165090 | Geh:7    | Reached skill level 15 in Stealth
165534 | Geh:7    | Noticed the Serpent of Hell
165991 | Geh:7    | Killed the Serpent of Hell
166370 | Geh:7    | Identified the ring "Zaobb" {Fly Str+4 Int+6 Dex+7 Stlth-}
166850 | Geh:7    | Found the +0 mask of the Dragon {Will+ Slay+3 SInv}
167036 | Geh:7    | Reached skill level 15 in Dodging
167082 | Geh:7    | Found the +7 sceptre of Asmodeus
167082 | Geh:7    | Noticed Asmodeus
167137 | Geh:7    | Killed Asmodeus
167165 | Geh:7    | Found the ring of the Octopus King
167207 | Geh:7    | Identified a ring of the Octopus King {Wiz AC+1 EV+1 Str+1
                  | Int+1 Dex+1}
167211 | Geh:7    | Identified the ring "Imedyptune" {Will+ Str+4 Int+5}
167218 | Geh:7    | Got an obsidian rune of Zot
167617 | Pan      | Entered Pandemonium
168094 | Pan      | Noticed Vustryl the pandemonium lord
168115 | Pan      | Killed Vustryl the pandemonium lord
168162 | Pan      | Acquired the ring of Pyromania {rPois rCorr AC+4 Str-4
                  | Dex+2}
170701 | Pan      | Noticed Kesetz the pandemonium lord
170715 | Pan      | Killed Kesetz the pandemonium lord
171728 | Pan      | Gained mutation: You are partially covered in iridescent
                  | scales. (AC +2) [a cacodemon]
172037 | Pan      | Noticed Fympeyro the pandemonium lord
172042 | Pan      | Killed Fympeyro the pandemonium lord
173251 | Pan      | Noticed Locuq the pandemonium lord
173267 | Pan      | Killed Locuq the pandemonium lord
173471 | Pan      | Acquired a manual of Shields
173499 | Pan      | Identified the +2 hunting sling of Bread {vorpal, Contam
                  | rElec rF+}
174549 | Pan      | Noticed Dehyx the pandemonium lord
174554 | Pan      | Killed Dehyx the pandemonium lord
175187 | Pan      | Entered the realm of Mnoleg.
175245 | Pan      | Noticed Mnoleg
175254 | Pan      | Killed Mnoleg
176244 | Pan      | Found an exit through the horrors of the Abyss.
176701 | Pan      | Paralysed by a floating eye for 3 turns
176703 | Pan      | Gained mutation: You are occasionally teleported next to
                  | monsters. [a neqoxec]
176803 | Pan      | Got a glowing rune of Zot
177236 | Pan      | Noticed Yxtofi Ipre the pandemonium lord
177244 | Pan      | Killed Yxtofi Ipre the pandemonium lord
178088 | Pan      | Noticed Niun Woess the pandemonium lord
178095 | Pan      | Killed Niun Woess the pandemonium lord
178099 | Pan      | Found an exit through the horrors of the Abyss.
178576 | Pan      | Entered the realm of Lom Lobon.
178914 | Pan      | Noticed Lom Lobon
178925 | Pan      | Lost mutation: One of your tentacles bears a spike. [potion
                  | of mutation]
178925 | Pan      | Lost mutation: Your body sometimes deteriorates upon taking
                  | damage. [potion of mutation]
178925 | Pan      | Gained mutation: You are dopey. (Int -2) [potion of
                  | mutation]
178925 | Pan      | Gained mutation: You occasionally shout uncontrollably at
                  | your foes. [potion of mutation]
178925 | Pan      | Gained mutation: You evolve. [potion of mutation]
178926 | Pan      | Lost mutation: You are dopey. (Int -2) [potion of mutation]
178926 | Pan      | Lost mutation: You occasionally shout uncontrollably at
                  | your foes. [potion of mutation]
178926 | Pan      | Gained mutation: One of your tentacles bears a spike.
                  | [potion of mutation]
178926 | Pan      | Gained mutation: Your magical capacity is low. (-10% MP)
                  | [potion of mutation]
178926 | Pan      | Gained mutation: One of your tentacles bears a nasty spike.
                  | [potion of mutation]
178927 | Pan      | Lost mutation: You are partially covered in iridescent
                  | scales. (AC +2) [potion of mutation]
178927 | Pan      | Gained mutation: Your flesh is cold resistant. (rC+)
                  | [potion of mutation]
178927 | Pan      | Gained mutation: A frigid envelope surrounds you and
                  | freezes all who hurt you. [potion of mutation]
178927 | Pan      | Lost mutation: You possess an exceptional clarity of mind.
                  | [potion of mutation]
178928 | Pan      | Lost mutation: You are occasionally teleported next to
                  | monsters. [potion of mutation]
178928 | Pan      | Lost mutation: You evolve. [potion of mutation]
178928 | Pan      | Lost mutation: Your magical capacity is low. (-10% MP)
                  | [potion of mutation]
178928 | Pan      | Lost mutation: You are weak. (Str -2) [potion of mutation]
178928 | Pan      | Gained mutation: Your body sometimes deteriorates upon
                  | taking damage. [potion of mutation]
178928 | Pan      | Gained mutation: You expend magic power (3 MP) to
                  | strengthen your wands. [potion of mutation]
178928 | Pan      | Gained mutation: You are somewhat resistant to further
                  | mutation. [potion of mutation]
179941 | Pan      | Got a magical rune of Zot
179947 | Pan      | Found an exit through the horrors of the Abyss.
180050 | Pan      | Noticed Lom Lobon
180061 | Pan      | Found an exit through the horrors of the Abyss.
180332 | Pan      | Took an exit into the Abyss.
180332 | Abyss:1  | Escaped into the Abyss
180332 | Abyss:1  | Found a corrupted altar of Lugonu.
180754 | Abyss:3  | Got an abyssal rune of Zot
180867 | Abyss:3  | Noticed a dread lich
180874 | Abyss:3  | Killed a dread lich
181121 | Depths:3 | Escaped the Abyss
191534 | Pan      | Entered the realm of Gloorx Vloq.
191534 | Pan      | Entered Pandemonium
192175 | Pan      | Identified the +4 morningstar of the Fulmar {vamp, Contam
                  | rElec Int+3 SInv}
192518 | Pan      | Noticed Gloorx Vloq
192710 | Pan      | Killed Gloorx Vloq
192726 | Pan      | Got a dark rune of Zot
192849 | Pan      | Noticed Rylefim the pandemonium lord
192854 | Pan      | Killed Rylefim the pandemonium lord
193174 | Pan      | Learned a level 9 spell: Shatter
193425 | Pan      | Found an exit through the horrors of the Abyss.
194159 | Pan      | Found an exit through the horrors of the Abyss.
194171 | Pan      | Noticed Qoimub the pandemonium lord
194176 | Pan      | Killed Qoimub the pandemonium lord
194252 | Pan      | Got a demonic rune of Zot
194318 | Pan      | Entered the realm of Cerebov.
194496 | Pan      | Identified the +0 ring mail of Nifrifiemm {Will+}
194524 | Pan      | Found the +6 sword of Cerebov {flame}
194524 | Pan      | Noticed Cerebov
194808 | Pan      | Identified the +7 long sword "Wulint" {freeze, Str+4}
195395 | Pan      | Killed Cerebov
195542 | Pan      | Identified the +1 pair of gloves "Middich" {MP+9}
195601 | Pan      | Got a fiery rune of Zot
196533 | Pan      | Found an exit through the horrors of the Abyss.
196622 | Depths:3 | Escaped Pandemonium
196873 | Tomb:1   | Entered Level 1 of the Tomb of the Ancients
196873 | Tomb:1   | Noticed a royal mummy
196876 | Tomb:1   | Noticed Khufu
196879 | Tomb:1   | Killed a royal mummy
196923 | Tomb:1   | Killed Khufu
197320 | Tomb:1   | Noticed a royal mummy
197322 | Tomb:1   | Noticed a royal mummy
197324 | Tomb:1   | Killed a royal mummy
197327 | Tomb:1   | Killed a royal mummy
197329 | Tomb:1   | Noticed a royal mummy
197333 | Tomb:1   | Killed a royal mummy
197335 | Tomb:1   | Killed a royal mummy
197353 | Tomb:1   | Noticed a royal mummy
197354 | Tomb:1   | Noticed a royal mummy
197357 | Tomb:1   | Killed a royal mummy
197359 | Tomb:1   | Killed a royal mummy
197384 | Tomb:1   | Noticed a royal mummy
197385 | Tomb:1   | Killed a royal mummy
197555 | Tomb:1   | Identified the +1 ring mail of the Leaf {+Blink}
197704 | Tomb:1   | Noticed a royal mummy
197708 | Tomb:1   | Killed a royal mummy
197742 | Tomb:1   | Noticed a royal mummy
197744 | Tomb:1   | Noticed a royal mummy
197745 | Tomb:1   | Killed a royal mummy
197749 | Tomb:1   | Killed a royal mummy
197775 | Tomb:1   | Noticed a royal mummy
197778 | Tomb:1   | Killed a royal mummy
198162 | Tomb:2   | Noticed a royal mummy
198162 | Tomb:2   | Noticed a royal mummy
198162 | Tomb:2   | Noticed a royal mummy
198163 | Tomb:2   | Noticed a royal mummy
198164 | Tomb:2   | Killed a royal mummy
198165 | Tomb:2   | Killed a royal mummy
198165 | Tomb:2   | Killed a royal mummy
198166 | Tomb:2   | Killed a royal mummy
198551 | Tomb:3   | Entered Level 3 of the Tomb of the Ancients
198575 | Tomb:3   | Noticed a royal mummy
198576 | Tomb:3   | Noticed a royal mummy
198578 | Tomb:3   | Noticed a royal mummy
198579 | Tomb:3   | Noticed a royal mummy
198581 | Tomb:3   | Killed a royal mummy
198581 | Tomb:3   | Killed a royal mummy
198582 | Tomb:3   | Killed a royal mummy
198582 | Tomb:3   | Killed a royal mummy
198648 | Tomb:3   | Found the +7 Kryia's mail coat {PotionHeal*2 rC+}
198673 | Tomb:3   | Identified the ring of Syufapn {rF++ rN+ Str+3 Slay+3}
198973 | Tomb:3   | Noticed a royal mummy
198973 | Tomb:3   | Noticed a royal mummy
198975 | Tomb:3   | Noticed a royal mummy
198975 | Tomb:3   | Noticed a royal mummy
198977 | Tomb:3   | Killed a royal mummy
198977 | Tomb:3   | Killed a royal mummy
198977 | Tomb:3   | Noticed a royal mummy
198978 | Tomb:3   | Killed a royal mummy
198978 | Tomb:3   | Killed a royal mummy
198980 | Tomb:3   | Killed a royal mummy
199070 | Tomb:3   | Got a golden rune of Zot
199464 | Zig:1    | Entered Level 1 of a ziggurat
199484 | Zig:2    | Entered Level 2 of a ziggurat
199498 | Zig:2    | Identified the +6 mace "Beast's Undoing" {venom, Str+3}
199503 | Zig:3    | Entered Level 3 of a ziggurat
199526 | Zig:4    | Entered Level 4 of a ziggurat
199537 | Zig:4    | Found the +8 whip "Snakebite" {venom, curare, rPois}
199587 | Zig:5    | Entered Level 5 of a ziggurat
199755 | Zig:6    | Entered Level 6 of a ziggurat
199762 | Zig:6    | Noticed an orb of fire
199767 | Zig:6    | Reached skill level 15 in Invocations
199770 | Zig:6    | Killed an orb of fire
199932 | Zig:7    | Entered Level 7 of a ziggurat
199955 | Zig:7    | Identified the +11 glaive "Kueschilo" {pain, Fly}
200035 | Zig:8    | Entered Level 8 of a ziggurat
200144 | Zig:9    | Entered Level 9 of a ziggurat
200162 | Zig:9    | Identified the amulet "Etupamoxo" {Reflect -Tele rN++ Dex+6
                  | SH+5}
200175 | Zig:9    | Identified the +3 hunting sling "Ozorphy" {freeze, rPois
                  | Int+4}
200176 | Zig:9    | Identified the +8 shortbow of Disaster {flame, rC+ Str+3
                  | Stlth+}
200249 | Zig:10   | Entered Level 10 of a ziggurat
200259 | Zig:10   | Found the ring of the Octopus King
200289 | Zig:10   | Identified a ring of the Octopus King {rC+ AC+1 EV+1 Str+1
                  | Int+1 Dex+1}
200488 | Zig:11   | Entered Level 11 of a ziggurat
200510 | Zig:11   | Identified the +3 flail "Wiuggo Byogi" {freeze, *Corrode
                  | rF- Int+8 Dex+4}
200593 | Zig:12   | Entered Level 12 of a ziggurat
200734 | Zig:13   | Entered Level 13 of a ziggurat
200746 | Zig:13   | Noticed a juggernaut
200747 | Zig:13   | Killed a juggernaut
200749 | Zig:13   | Noticed a juggernaut
200749 | Zig:13   | Noticed a juggernaut
200754 | Zig:13   | Killed a juggernaut
200756 | Zig:13   | Killed a juggernaut
200882 | Zig:14   | Entered Level 14 of a ziggurat
200992 | Zig:14   | Identified the +1 robe of Somewhere Else {rElec Dex+2
                  | Slay-2 Stlth+}
200997 | Zig:14   | Identified the +8 shortbow "Cigg" {flame, rF+}
201005 | Zig:14   | Identified the +6 rapier "Jugudiss" {vorpal, +Rage rC+
                  | MP+9}
201014 | Zig:15   | Entered Level 15 of a ziggurat
201082 | Zig:15   | Identified the ring "Kaorph" {rF+ AC+4 Slay+4}
201094 | Zig:16   | Entered Level 16 of a ziggurat
201113 | Zig:16   | Found the necklace of Bloodlust {*Rage +Rage Will++ Int-3
                  | Slay+6}
201222 | Zig:17   | Entered Level 17 of a ziggurat
201260 | Zig:17   | Identified the +7 battleaxe of the Wasp {antimagic, Will-
                  | rCorr Int+6 SInv}
201343 | Zig:18   | Entered Level 18 of a ziggurat
201353 | Zig:18   | Noticed a royal mummy
201354 | Zig:18   | Noticed a royal mummy
201354 | Zig:18   | Noticed a royal mummy
201355 | Zig:18   | Noticed a royal mummy
201357 | Zig:18   | Noticed a royal mummy
201357 | Zig:18   | Killed a royal mummy
201357 | Zig:18   | Noticed a royal mummy
201358 | Zig:18   | Killed a royal mummy
201358 | Zig:18   | Killed a royal mummy
201358 | Zig:18   | Noticed a royal mummy
201359 | Zig:18   | Killed a royal mummy
201363 | Zig:18   | Killed a royal mummy
201364 | Zig:18   | Killed a royal mummy
201366 | Zig:18   | Killed a royal mummy
201403 | Zig:18   | Identified the amulet of Ipealuly {RegenMP rElec Str+4
                  | Stlth+}
201545 | Zig:19   | Entered Level 19 of a ziggurat
201568 | Zig:19   | Found the +5 sword of Power {vorpal}
201609 | Zig:19   | Identified the +4 plate armour "Cuishike" {+Inv Int+3}
201610 | Zig:19   | Identified the +4 hunting sling of Cuxodd {freeze, Dex+5}
201625 | Zig:19   | Identified the ring "Detsahy" {Contam Fly rF+ Will+}
201627 | Zig:19   | Identified the +3 dagger "Luerapnakos" {vorpal, *Noise
                  | rPois rF+ Will+ rCorr}
201629 | Zig:19   | Identified the +7 spear "Umpekhel" {speed, rElec rC++ Int-3
                  | Dex+4}
201676 | Zig:20   | Entered Level 20 of a ziggurat
201687 | Zig:20   | Noticed a juggernaut
201688 | Zig:20   | Noticed a juggernaut
201690 | Zig:20   | Killed a juggernaut
201691 | Zig:20   | Killed a juggernaut
201691 | Zig:20   | Noticed a juggernaut
201696 | Zig:20   | Killed a juggernaut
201696 | Zig:20   | Noticed a juggernaut
201704 | Zig:20   | Killed a juggernaut
201723 | Zig:20   | Reached skill level 27 in Fighting
201741 | Zig:20   | Acquired a manual of Ice Magic
201742 | Zig:20   | Acquired 843 gold pieces
201743 | Zig:20   | Acquired the ring "Cucwapeo" {rF++ Will- AC+4 Str+4 Dex+4}
201762 | Zig:20   | Identified the ring of Lept {Will+ rCorr Int+4 Dex+6}
201775 | Zig:20   | Identified the +4 dagger of the Hummingbird {pain, rF-
                  | Dex+5}
201795 | Zig:21   | Entered Level 21 of a ziggurat
201890 | Zig:21   | Identified the +0 pair of boots of New Discoveries {Harm
                  | rN+ Will+ Int-5}
201920 | Zig:21   | Identified the +6 falchion of Desertification {flame,
                  | Str+4}
202066 | Zig:22   | Entered Level 22 of a ziggurat
202084 | Zig:22   | Reached skill level 27 in Spellcasting
202115 | Zig:22   | Found the +14 obsidian axe {vorpal, Drain Fly SInv}
202123 | Zig:22   | Identified the +1 shortbow of Ruination {vorpal, rElec
                  | Dex+3}
202128 | Zig:22   | Identified the -2 pair of boots "Muligam" {Drain rElec
                  | SInv}
202134 | Zig:22   | Identified the +3 hunting sling of Gozag's Displeasure
                  | {venom, rElec Dex+3}
202172 | Zig:23   | Entered Level 23 of a ziggurat
202181 | Zig:23   | Noticed a juggernaut
202184 | Zig:23   | Noticed a juggernaut
202187 | Zig:23   | Noticed a juggernaut
202188 | Zig:23   | Killed a juggernaut
202188 | Zig:23   | Noticed a juggernaut
202189 | Zig:23   | Killed a juggernaut
202189 | Zig:23   | Noticed a juggernaut
202189 | Zig:23   | Noticed a juggernaut
202190 | Zig:23   | Killed a juggernaut
202190 | Zig:23   | Noticed a juggernaut
202191 | Zig:23   | Noticed a juggernaut
202192 | Zig:23   | Killed a juggernaut
202192 | Zig:23   | Killed a juggernaut
202193 | Zig:23   | Killed a juggernaut
202194 | Zig:23   | Killed a juggernaut
202195 | Zig:23   | Killed a juggernaut
202251 | Zig:23   | Found the +18 shield of the Gong {rElec rN+ Will+ EV-5}
202291 | Zig:24   | Entered Level 24 of a ziggurat
202385 | Zig:24   | Identified the +0 plate armour "Kyguupac" {Regen+}
202386 | Zig:24   | Identified the amulet of Kyuhok Meor {rPois rC+ Regen+}
202396 | Zig:24   | Identified the +1 leather armour of Fortification {Rampage
                  | Str+7 SInv}
202398 | Zig:24   | Identified the +9 lajatang of Reapportionment {flame, rC+
                  | Dex+2}
202616 | Zig:25   | Entered Level 25 of a ziggurat
202624 | Zig:25   | Noticed Didd the pandemonium lord
202625 | Zig:25   | Noticed Dahumuu the pandemonium lord
202626 | Zig:25   | Noticed Imatsav the pandemonium lord
202628 | Zig:25   | Noticed Tuazofaudd the pandemonium lord
202628 | Zig:25   | Noticed Wakliy the pandemonium lord
202629 | Zig:25   | Killed Didd the pandemonium lord
202629 | Zig:25   | Noticed Nuned the pandemonium lord
202629 | Zig:25   | Killed Dahumuu the pandemonium lord
202630 | Zig:25   | Reached skill level 27 in Fire Magic
202637 | Zig:25   | Killed Tuazofaudd the pandemonium lord
202638 | Zig:25   | Noticed Amudghua the pandemonium lord
202644 | Zig:25   | Noticed Huku the pandemonium lord
202645 | Zig:25   | Noticed Cyumpe the pandemonium lord
202645 | Zig:25   | Noticed Tenuizepp the pandemonium lord
202646 | Zig:25   | Noticed Kuasaseb the pandemonium lord
202653 | Zig:25   | Noticed Xaz Liwu the pandemonium lord
202657 | Zig:25   | Killed Xaz Liwu the pandemonium lord
202661 | Zig:25   | Noticed Uclaxtut the pandemonium lord
202661 | Zig:25   | Noticed Woseiburr the pandemonium lord
202661 | Zig:25   | Noticed Vosas the pandemonium lord
202661 | Zig:25   | Noticed Qyoz the pandemonium lord
202662 | Zig:25   | Identified the ring "Hynyc" {Contam rC+ Will+ Str+4 Dex+4}
202664 | Zig:26   | Entered Level 26 of a ziggurat
202693 | Zig:26   | Reached skill level 27 in Conjurations
202716 | Zig:26   | Reached skill level 5 in Translocations
202765 | Zig:26   | Identified the ring of Caxkanil {Fly rPois Stlth+}
202919 | Zig:27   | Entered Level 27 of a ziggurat
203011 | Zig:27   | Identified the +1 scale mail of a Hundred Persimmons {rF+
                  | rC+ Will+ Int+3}
203016 | Zig:27   | Identified the +1 mace "Idoacey" {drain, Contam rF+ Stlth+}
203024 | Zig:27   | Identified the amulet "Arheto" {RegenMP rC+ rN++ Str-5}
203025 | Zig:27   | Identified the +7 hand axe of the Real Monster {freeze,
                  | Int+3}
203036 | Zig:27   | Reached skill level 10 in Translocations
203101 | Zig:27   | Identified the +1 leather armour "Foxaf" {rC+}
203400 | Zot:5    | Noticed a dread lich
203402 | Zot:5    | Killed a dread lich
203419 | Zot:5    | Noticed an orb of fire
203422 | Zot:5    | Noticed an ancient lich
203425 | Zot:5    | Killed an orb of fire
203425 | Zot:5    | Killed an ancient lich
203432 | Zot:5    | Noticed an orb of fire
203440 | Zot:5    | Killed an orb of fire
203515 | Zot:5    | Noticed an orb of fire
203520 | Zot:5    | Noticed an orb of fire
203524 | Zot:5    | Killed an orb of fire
203546 | Zot:5    | Killed an orb of fire
203824 | Zot:5    | Noticed an orb of fire
203834 | Zot:5    | Killed an orb of fire
203938 | Zot:5    | Noticed a dread lich
203943 | Zot:5    | Killed a dread lich
203966 | Zot:5    | Noticed an ancient lich
203969 | Zot:5    | Killed an ancient lich
204155 | Zot:5    | Noticed an orb of fire
204160 | Zot:5    | Killed an orb of fire
204192 | Zot:5    | Noticed an ancient lich
204195 | Zot:5    | Killed an ancient lich
204197 | Zot:5    | Noticed an orb of fire
204207 | Zot:5    | Killed an orb of fire
204322 | Zot:5    | Got the Orb of Zot
204990 | D:$      | Escaped with the Orb!

Illustrated notes

Levels and vault maps discovered:
D:1:      matt_arrival_debris, layout_loops_ring,
          dreamdust_ecumenical_altar_hidden_monk_grotto,
          minmay_indecisive_spiral
D:2:      layout_rooms, basic_altar
D:3:      layout_loops_ring
D:4:      minmay_recursive_quarters, layout_loops_ring, uniq_blork_the_orc,
          uniq_eustachio
D:5:      layout_basic, mainiacjoe_overflow_catwalk_spiral,
          portal_sewer_entry_e, ebering_ghost_sewer_f,
          hangedman_decor_diamond_cutter, uniq_crazy_yiuf_cottage
D:6:      layout_rooms, serial_shops, shop, st_stairs_12,
          hangedman_decor_peaks_small, uniq_duvessa
D:7:      layout_cave_pools, nicolae_overflow_crystal_walls,
          minmay_temple_entry_enclosed_plants, enter_bailey_2,
          serial_column_ruins, column_ruins_hut_pillars, column_ruins_hut,
          column_ruins_open_tiny, column_ruins_grid_1, column_ruins_open_small,
          column_ruins_open_tiny, column_ruins_columns_dead_end,
          column_ruins_open_tiny_water
D:8:      layout_rooms, nzn_hepliaklqana_mist_gate,
          mainiacjoe_overflow_24_doors, uniq_erica, uniq_grum
D:9:      layout_stronghold, kiku_gazebo_pond_becter, blue_anna_alchemist
D:10:     layout_long_grid, hangedman_abyss_or_decor_clamps
D:11:     layout_roguey, lair_entry_dummy, gauntlet_entry_generic,
          nicolae_ru_sacrificial_ziggurat, uniq_sonja, uniq_maurice
D:12:     layout_basic, david_orc_5, portal_ice_cave_entry_pillars_1,
          minmay_fractal_squares_gapless_5, uniq_fannar
D:13:     layout_long_grid, uniq_rupert, uniq_jorgrun, uniq_erolcha
D:14:     layout_roguey, david_vaults_5, uniq_louise
D:15:     gammafunk_depths_entry_grave, layout_gridville, fedhas_altar_1,
          okawaru_altar_gauntlet_db
Lair:1:   layout_hall_layers, serial_bayou_shore_a
Lair:2:   layout_cave_pods
Lair:3:   layout_roguey, palyth_hydra_swamp_entry, dummy_snake_entry,
          wad_woods_road_01
Lair:4:   layout_regular_city
Lair:5:   layout_cellular_growth, slime_altar_2, lemuel_fruit_tree,
          grunt_megastairs_4, serial_bayou_shore_b, minmay_lair_oklob_chamber
Lair:6:   gammafunk_lair_ancient_temple, layout_misc_corridors,
          infiniplex_staircase_pool
Swamp:1:  layout_falls_marsh, serial_swamp_ruin, evilmike_swamp_ruin_rubble_1,
          evilmike_swamp_ruin_house_4, evilmike_swamp_ruin_rubble_2,
          uniq_frances
Swamp:2:  layout_basic_swamp, evilmike_swamp_ruin_house_5,
          nicolae_swamp_triple_paths
Swamp:3:  layout_falls_marsh, evilmike_swamp_ruin_house_1
Swamp:4:  swamp_basic_johnstein, layout_basic_swamp, swamp_pool4,
          nicolae_swamp_spooky_pond, uniq_bai_suzhen
Snake:1:  layout_onion_interference
Snake:2:  layout_chambers
Snake:3:  layout_rooms
Snake:4:  grunt_snake_rune_serpentine_throne, layout_cave_town, basic_altar,
          uniq_aizul, uniq_roxanne
Slime:1:  layout_caves
Slime:2:  layout_caves
Slime:3:  layout_caves
Slime:4:  nicolae_slime_jelly_donut, layout_caves
Slime:5
Orc:1:    layout_caves
Orc:2:    pf_orc_diabolical, layout_caves, kennysheep_orc_chapel
Elf:1:    layout_loops_cross, serial_shops, shop, minmay_elf_necromancy,
          uniq_donald
Elf:2:    nicolae_elf_blades_splatter_lattice
          [nicolae_blade_entry_sentries_behind_glass], layout_loops_cross,
          uniq_nikola
Elf:3:    minmay_elf_hall_hex, layout_loops_cross, basic_altar,
          gammafunk_ghost_cemetery, small_statue_intersection, drop_trap,
          nicolae_shop_overcharged_wands
Vaults:1: vaults_room_fours, v_misc_4, hangedman_vaults_slither,
          nicolae_vaults_twisting_passages, nicolae_vaults_shelves_hall,
          ontoclasm_vaults_decontamination, ontoclasm_vaults_chip,
          nicolae_vaults_alarming, nicolae_vaults_ring_of_whatevers,
          layout_vaults_chaotic_city
Vaults:2: vaults_room_fours, vaults_standard_mumra_lines,
          ontoclasm_vaults_shout, hangedman_vaults_maws, vaults_room_corners,
          v_misc_28, vaults_dpeg_ring, ontoclasm_vaults_tryst,
          nicolae_vaults_diagonal_hallway_6, layout_vaults_omnigrid,
          dummy_crypt_entry, uniq_mara
Vaults:3: nicolae_vaults_halls_meeting, hangedman_vaults_corner,
          vaults_room_grunt_arrival_checkpoint, ontoclasm_vaults_spin,
          v_pattern_1, v_misc_1, v_misc_17, ontoclasm_vaults_chip,
          vaults_room_fancy_cross, ontoclasm_vaults_ring_small,
          layout_vaults_omnibox
Vaults:4: nicolae_vaults_little_ls, vaults_room_corners,
          dpeg_vaults_monster_box, nicolae_vaults_network_quinsquares
          [nicolae_vaults_network_quincunx_subvault,
          nicolae_vaults_network_quincunx_subvault,
          nicolae_vaults_network_quincunx_subvault,
          nicolae_vaults_network_quincunx_subvault], vaults_room_door_ring,
          nicolae_vaults_border_crossing, grunt_vaults_hallway_long, v_misc_18,
          v_alt_pattern_6, vaults_room_large_hall, vaults_room_pools, v_misc_13,
          nicolae_vaults_little_squares_1, nicolae_vaults_rhombus_5,
          layout_vaults_ring
Vaults:5
Crypt:1:  layout_misc_corridors, nrook_guardian_serpent_ordinary,
          grunt_crypt_arrival_split, uniq_margery
Crypt:2:  layout_rooms, grunt_megastairs_1
Crypt:3:  church_of_pain_bobbens, layout_chaotic_city,
          tomb_entry_forgotten_bobbens, minicrypt_bobbens
Tomb:1:   uniq_khufu
Tomb:2
Tomb:3
Depths:1: layout_small_grid, hellmouth_1, grunt_ministairs_1,
          nicolae_lava_and_water, ashenzari_conservatory_becter
Depths:2: minmay_haunted_quarter, layout_gridlike, serial_bayou,
          serial_bayou_crossing, serial_bayou_pond_c, serial_bayou_lagoon_b,
          serial_bayou_pond_c, abyss_entry, rand_demon_pan_entry_4, hell_entry,
          zin_treasury
Depths:3: evilmike_inaccessible_box, layout_gridlike, enter_ziggurat_f,
          pan_entry, grunt_hell_entry_dis_mu, grunt_decor_arrowhead,
          minmay_shop_grove, infiniplex_staircase_pillars_2,
          serial_bayou_shore_b, uniq_sojobo
Depths:4: minmay_bad_star, layout_gridville, hell_entry, glass_columns_b,
          abyss_entry_flame_altar
Depths:5: grunt_zot_entry_gee_three, layout_gridville, hell_entry,
          minmay_room_of_horrors, grunt_decor_fettered
Hell
Dis:1:    layout_gridville
Dis:2:    layout_gridville
Dis:3:    layout_gridville, evilmike_ambush [evilmike_ambush_outer_pillars,
          evilmike_ambush_inner_basic]
Dis:4:    layout_regular_city
Dis:5:    layout_subdivisions
Dis:6:    layout_chaotic_city, hangedman_player_shredder
Dis:7:    dis_hangedman
Geh:1:    layout_gehenna_pools_box, grunt_megastairs_3
Geh:2:    layout_gehenna_lava_caves
Geh:3:    layout_gehenna_pools_box, lemuel_flamethrower_2, lemuel_elevator
Geh:4:    layout_gehenna_lava_caves, hangedman_feature_mirror
Geh:5:    layout_gehenna_pools_basic
Geh:6:    minmay_firetagon, layout_gehenna_lava_caves, lemuel_flamethrower_3
Geh:7:    geh_mu
Coc:1:    layout_ice_bergs
Coc:2:    layout_ice_bergs
Coc:3:    layout_cocytus_water_paths
Coc:4:    layout_cocytus_water_paths
Coc:5:    layout_cocytus_delve, minmay_fire_ice_demons
Coc:6:    layout_ice_bergs
Coc:7:    coc_old
Tar:1:    layout_honeycomb
Tar:2:    layout_catacombs, evilmike_ambush [evilmike_ambush_outer_basic,
          evilmike_ambush_inner_pond], grunt_megastairs_5
Tar:3:    layout_grid_maze, nicolae_tar_cuneiform_bread, lemuel_elevator
Tar:4:    layout_honeycomb, nicolae_tar_cuneiform_to_be
Tar:5:    layout_grid_maze, nicolae_tar_cuneiform_water
Tar:6:    layout_grid_maze
Tar:7:    tar_grunt_cathedral
Zot:1:    layout_gridlike
Zot:2:    lemuel_acid_trip, layout_onion_interference
Zot:3:    grunt_zot_stairs_mandelzot, layout_gridlike, grunt_ministairs_15,
          st_stairs_2
Zot:4:    layout_misc_corridors
Zot:5:    layout_misc_corridors

Skill      XL: |  1  2  3  4  5  6  7  8  9 10 11 12 13 14 15 16 17 18 19 20 21 22 23 24 25 26 27 |
---------------+----------------------------------------------------------------------------------+-----
Stealth        | 1 2 3 4 5 7 8 10 16 | 16.0
Fighting       | 2 3 5 8 10 11 13 14 27 | 27.0
Slings         | 3 5 6 8 9 10 14 | 14.0
Hexes          | 4 5 6 8 |  8.0
Spellcasting   | 3 5 8 9 10 11 13 14 16 17 27 | 27.0
Evocations     | 3 6 8 9 |  9.8
Conjurations   | 3 6 8 9 11 14 27 | 27.0
Fire Magic     | 3 6 8 9 11 12 14 18 19 20 27 | 27.0
Earth Magic    | 3 6 8 9 11 25 | 25.2
Dodging        | 3 7 8 10 11 23 | 23.3
Shields        | 4 6 14 15 25 | 25.0
Ice Magic      | 5 11 14 15 18 | 18.0
Translocations | 4 12 | 12.0
Invocations    | 3 7 9 25 | 25.0
Necromancy     | 17 | 17.0
Transmutations | 17 | 17.0
Maces & Flails | 6 |  6.2
Polearms       | 14 | 14.0

Action                   |  1- 3 |  4- 6 |  7- 9 | 10-12 | 13-15 | 16-18 | 19-21 | 22-24 | 25-27 || total
-------------------------+-------+-------+-------+-------+-------+-------+-------+-------+-------++-------
Melee: Staff             |     3 |       |       |       |       |       |       |       |       ||     3
       Constrict         |     1 |       |       |     1 |     1 |     1 |       |       |   352 ||   356
       Hunting sling     |       |       |       |    88 |     1 |       |       |       |       ||    89
       Tentacles         |       |       |       |    45 |       |     2 |       |       |   886 ||   933
       Demon trident     |       |       |       |       |       |    11 |       |       |  3258 ||  3269
       Kick              |       |       |       |       |       |       |       |       |  1503 ||  1503
 Fire: Hunting sling     |   134 |   103 |   368 |   658 |  1376 |  1038 |   763 |   424 |   549 ||  5413
       Fustibalus        |       |       |       |       |       |       |       |       |  4549 ||  4549
Throw: Dart              |       |       |    66 |   102 |     1 |     1 |       |       |       ||   170
       Stone             |       |       |       |       |       |       |       |       |     7 ||     7
 Cast: Corona            |       |    16 |    30 |    17 |     3 |       |     1 |       |       ||    67
       Slow              |       |     5 |    67 |   124 |   245 |   129 |   102 |     1 |    36 ||   709
       Inner Flame       |       |       |    13 |     9 |    17 |     2 |       |       |     1 ||    42
       Cause Fear        |       |       |     9 |     3 |     3 |     5 |     1 |       |     6 ||    27
       Bolt of Magma     |       |       |       |    10 |   135 |   130 |    50 |    35 |  1234 ||  1594
       Mephitic Cloud    |       |       |       |       |     7 |     2 |     9 |       |       ||    18
       Ozocubu's Armour  |       |       |       |       |     1 |    34 |    31 |    13 |   214 ||   293
       Ozocubu's Refrige |       |       |       |       |       |   191 |   351 |   310 |   849 ||  1701
       Passage of Golubr |       |       |       |       |       |     7 |     5 |     1 |    58 ||    71
       Fireball          |       |       |       |       |       |    31 |    35 |    16 |   473 ||   555
       Freezing Cloud    |       |       |       |       |       |     2 |    20 |     5 |    95 ||   122
       Ignition          |       |       |       |       |       |       |       |     5 |   617 ||   622
       Necromutation     |       |       |       |       |       |       |       |       |   392 ||   392
       Lehudib's Crystal |       |       |       |       |       |       |       |       |   378 ||   378
       Fire Storm        |       |       |       |       |       |       |       |       |   329 ||   329
       Shatter           |       |       |       |       |       |       |       |       |   159 ||   159
Invok: Channel Magic     |       |       |       |       |       |       |       |       |   301 ||   301
 Abil: End Transformatio |       |       |       |       |       |       |       |       |     5 ||     5
Evoke: Wand              |       |       |     6 |    28 |    44 |    33 |    16 |     1 |    30 ||   158
       Box of beasts     |       |       |       |     1 |     2 |     3 |     3 |       |     6 ||    15
       Phial of floods   |       |       |       |       |     2 |     2 |       |       |     1 ||     5
       Lightning rod     |       |       |       |       |       |       |     1 |       |     1 ||     2
       Piece from Xom's  |       |       |       |       |       |       |     1 |       |       ||     1
       Phantom mirror    |       |       |       |       |       |       |       |     1 |    12 ||    13
       Condenser vane    |       |       |       |       |       |       |       |     1 |     2 ||     3
  Use: Scroll            |     2 |     3 |     6 |     5 |    17 |    12 |     7 |     5 |    78 ||   135
       Potion            |     1 |       |       |     1 |       |       |     1 |     6 |    42 ||    51
 Stab: Distracted        |       |       |       |       |       |       |       |       |    77 ||    77
       Sleeping          |       |       |       |       |       |       |       |       |    43 ||    43
Armor: Skin              |     5 |     3 |     6 |    12 |     3 |    43 |    25 |    14 |   305 ||   416
Dodge: Dodged            |    55 |    28 |    90 |    98 |   110 |   134 |   111 |    80 |  2103 ||  2809
Block: Other             |       |       |       |     6 |     7 |       |       |       |       ||    13
       Buckler           |       |       |       |       |    70 |   107 |    97 |    63 |    35 ||   372
       Reflection        |       |       |       |       |    22 |    28 |    44 |    15 |   106 ||   215
       Kite shield       |       |       |       |       |       |       |       |       |  3085 ||  3085
       Tower shield      |       |       |       |       |       |       |       |       |   983 ||   983
